 Dungeon Crawl Stone Soup version 0.22-a0-525-gf69a0803ab (webtiles) character file.

13011026 Deemzul the Grand Master (level 27, 211/298 HPs)
             Began as a Demonspawn Fighter on June 21, 2018.
             Was an Elder of Hepliaklqana.
             Escaped with the Orb
             ... and 15 runes!
             The game lasted 05:45:15 (124813 turns).

Deemzul the Grand Master (Demonspawn Fighter)     Turns: 124813, Time: 05:45:16

Health: 211/298    AC: 48    Str: 26    XL:     27
Magic:  37/37      EV: 24    Int:  9    God:    Hepliaklqana [****..]
Gold:   13499      SH: 24    Dex: 16    Spells: 53/56 levels left

rFire    + + +     SeeInvis +     - Unarmed
rCold    + + +     Gourm    .   b - +3 warlock's mirror {reflect}
rNeg     + + +     Faith    .   Z - +12 gold dragon scales
rPois    +         Spirit   .   t - +2 hat {MR+}
rElec    +         Reflect  +   T - +1 cloak of Starlight {rElec rC+ EV+4 Stlth--}
rCorr    .         Harm     .   (gloves unavailable)
MR       +++..     NoTele   +   D - +2 pair of boots {run}
Stlth    ..........             L - amulet "Jaukao" {Reflect rPois rF++ rN+ Dex-5 SH+3}
HPRegen  0.99/turn              f - ring "Noqiur" {-Tele rElec rC+ rN+ Str+5}
MPRegen  0.25/turn              K - ring of Syqaozxi {rElec rPois rC+ rN+ SInv}

@: mighty, quick
A: reduced essence, claws 3, hooves 1, large bone plates 3, blurry vision 1,
clumsy 1, cold resistance 1, deterioration 1, dopey 1, low mp 1, sense
surroundings 1, poison resistance, powered by pain 3, regeneration 1, robust 3,
spiny 3, weak 1
0: Orb of Zot
}: 15/15 runes: barnacled, slimy, silver, golden, iron, obsidian, icy, bone,
abyssal, demonic, glowing, magical, fiery, dark, gossamer
a: Recall Ancestor, Ancestor Identity, Transference, Idealise, Renounce Religion


You escaped.
You worshipped Hepliaklqana.
Hepliaklqana was greatly pleased with you.
You were not hungry.

You visited 18 branches of the dungeon, and saw 90 of its levels.
You visited Pandemonium 2 times, and saw 21 of its levels.
You visited the Abyss 6 times.
You visited 1 ziggurat, and saw 9 of its levels.
You also visited: Trove, Sewer, Ossuary and Volcano.

You collected 19298 gold pieces.
You spent 5799 gold pieces at shops.

Inventory:

Armour
 b - the +3 warlock's mirror (worn) {reflect}
   (You bought it in a shop on level 1 of the Depths)
 t - a +2 hat of magic resistance (worn)
 D - a +2 pair of boots of running (worn)
 T - the +1 cloak of Starlight (worn) {rElec rC+ EV+4 Stlth--}
   (You bought it in a shop on level 3 of the Vaults)

   It affects your evasion (+4).
   It protects you from cold.
   It insulates you from electricity.
   It makes you much less stealthy.
 Z - +12 gold dragon scales (worn)
Jewellery
 f - the ring "Noqiur" (left claw) {-Tele rElec rC+ rN+ Str+5}
   (You found it on level 3 of a ziggurat)

   [ring of strength]

   It affects your strength (+5).
   It protects you from cold.
   It insulates you from electricity.
   It protects you from negative energy.
   It prevents most forms of teleportation.
 o - the ring of Uvof {rCorr Str+5 Dex+4}
   (You bought it in a shop on level 4 of the Vaults)

   [ring of resist corrosion]

   It affects your strength (+5).
   It affects your dexterity (+4).
 K - the ring of Syqaozxi (right claw) {rElec rPois rC+ rN+ SInv}
   (You found it on level 3 of the Crypt)

   [ring of positive energy]

   It protects you from cold.
   It insulates you from electricity.
   It protects you from poison.
   It protects you from negative energy.
   It lets you see invisible.
 L - the amulet "Jaukao" (around neck) {Reflect rPois rF++ rN+ Dex-5 SH+3}
   (You found it on level 4 of the Realm of Zot)

   [amulet of reflection]

   It shields you and reflects attacks.
   It affects your dexterity (-5).
   It greatly protects you from fire.
   It protects you from poison.
   It protects you from negative energy.
   It affects your SH (+3).
 N - the ring of Lontij {-Tele rC+ Str+9 Stlth+}
   (You found it on level 7 of Cocytus)

   [ring of protection from cold]

   It affects your strength (+9).
   It protects you from cold.
   It prevents most forms of teleportation.
   It makes you more stealthy.
Wands
 h - a wand of paralysis (34)
 m - a wand of random effects (27)
 n - a wand of enslavement (47)
 p - a wand of clouds (4)
 q - a wand of acid (13)
 w - a wand of polymorph (135)
 J - a wand of disintegration (93)
 Q - a wand of iceblast (84)
 S - a wand of digging (31)
Scrolls
 e - 45 scrolls of teleportation
 j - a scroll of silence
 k - a scroll of blinking
 v - 5 scrolls of fear
 y - 12 scrolls of fog
 C - 6 scrolls of magic mapping
 G - 12 scrolls of amnesia
 M - 22 scrolls of remove curse
 P - 7 scrolls of enchant weapon
 X - 4 scrolls of summoning
 Y - 25 scrolls of identify
Potions
 a - 7 potions of magic
 c - 3 potions of might
 i - a potion of haste
 l - 8 potions of mutation
 A - 9 potions of curing
 B - 15 potions of flight
 E - a potion of cancellation
 F - 2 potions of agility
 H - 8 potions of invisibility
 R - 5 potions of berserk rage
 V - 4 potions of resistance
Miscellaneous
 g - 4 sacks of spiders
 r - a phial of floods
 s - the horn of Geryon (inert)
 u - 2 boxes of beasts
 z - a lamp of fire
 I - a lightning rod (4/4)
 O - a fan of gales
 W - 12 phantom mirrors
Comestibles
 d - 95 rations


   Skills:
 O Level 27 Fighting
   Level 13.1 Crossbows
 O Level 27 Armour
 * Level 23.4 Dodging
 - Level 5.8 Stealth
 * Level 23.6 Shields
 O Level 27 Unarmed Combat
 + Level 15.1 Spellcasting
 + Level 13.2 Translocations
 + Level 13.3 Transmutations
 + Level 13.3 Earth Magic
 + Level 18.0 Invocations
 * Level 25.0 Evocations


You had 53 spell levels left.
You knew the following spells:

 Your Spells              Type           Power        Failure   Level  Hunger
a - Passwall              Tmut/Erth      ####....     1%          2    None
b - Apportation           Tloc           ####..       1%          1    None

Your spell library contained the following spells:

 Spells                   Type           Power        Failure   Level  Hunger
 Cause Fear               Hex            #.........   99%         4    ###....
 Magic Dart               Conj           #...         50%         1    None
 Fireball                 Conj/Fire      #.........   100%        5    #####..
 Conjure Flame            Conj/Fire      #.......     86%         3    #......
 Bolt of Fire             Conj/Fire      #.........   100%        6    ######.
 Bolt of Cold             Conj/Ice       #.........   100%        6    ######.
 Lightning Bolt           Conj/Air       #.........   100%        5    #####..
 Bolt of Magma            Conj/Fire/Erth ##........   95%         5    #####..
 Slow                     Hex            #.......     65%         2    None
 Confuse                  Hex            #.......     86%         3    #......
 Invisibility             Hex            #.......     100%        6    ######.
 Throw Frost              Conj/Ice       #.....       65%         2    None
 Freezing Cloud           Conj/Ice/Air   #.........   100%        6    ######.
 Mephitic Cloud           Conj/Pois/Air  #.......     86%         3    #......
 Ring of Flames           Chrm/Fire      #.........   100%        7    #######
 Venom Bolt               Conj/Pois      #.........   100%        5    #####..
 Olgreb's Toxic Radiance  Pois           #.......     99%         4    ###....
 Summon Small Mammal      Summ           #...         50%         1    None
 Bolt of Draining         Conj/Necr      #.........   100%        5    #####..
 Lehudib's Crystal Spear  Conj/Erth      ###.......   100%        8    #######
 Fire Storm               Conj/Fire      #.........   100%        9    #######
 Blink                    Tloc           N/A          1%          2    None
 Animate Dead             Necr           N/A          99%         4    ###....
 Pain                     Necr           #...         50%         1    None
 Animate Skeleton         Necr           N/A          50%         1    None
 Vampiric Draining        Necr           #.........   86%         3    #......
 Freeze                   Ice            #...         50%         1    None
 Ozocubu's Refrigeration  Ice            #.........   100%        6    ######.
 Summon Ice Beast         Ice/Summ       #.......     99%         4    ###....
 Call Imp                 Summ           #.......     65%         2    None
 Poison Arrow             Conj/Pois      #.........   100%        6    ######.
 Regeneration             Chrm/Necr      #.........   86%         3    #......
 Sting                    Conj/Pois      #...         50%         1    None
 Sublimation of Blood     Necr           #.........   65%         2    None
 Tukima's Dance           Hex            #.......     86%         3    #......
 Summon Demon             Summ           #.........   100%        5    #####..
 Corpse Rot               Necr           N/A          65%         2    None
 Iron Shot                Conj/Erth      ###.......   99%         6    ######.
 Stone Arrow              Conj/Erth      ###...       11%         3    #......
 Shock                    Conj/Air       #...         50%         1    None
 Swiftness                Chrm/Air       #.......     65%         2    None
 Recall                   Summ/Tloc      N/A          11%         3    #......
 Spider Form              Tmut/Pois      ###.......   11%         3    #......
 Blade Hands              Tmut           ####......   7%          5    #####..
 Statue Form              Tmut/Erth      ####.....    36%         6    ######.
 Ice Form                 Ice/Tmut       ###.....     36%         4    ###....
 Dragon Form              Tmut           ####......   90%         7    #######
 Death Channel            Necr           #.........   100%        6    ######.
 Deflect Missiles         Chrm/Air       #.........   100%        6    ######.
 Throw Icicle             Conj/Ice       #.......     99%         4    ###....
 Glaciate                 Conj/Ice       #.........   100%        9    #######
 Airstrike                Air            #.........   99%         4    ###....
 Shadow Creatures         Summ           N/A          100%        6    ######.
 Confusing Touch          Hex            #.....       50%         1    None
 Ignite Poison            Fire/Tmut/Pois ##......     28%         3    #......
 Sticks to Snakes         Tmut           ####....     1%          2    None
 Call Canine Familiar     Summ           #.......     86%         3    #......
 Ensorcelled Hibernation  Hex/Ice        #.....       65%         2    None
 Metabolic Englaciation   Hex/Ice        #.........   100%        5    #####..
 Summon Butterflies       Summ           #.......     50%         1    None
 Silence                  Hex/Air        #.........   100%        5    #####..
 Shatter                  Erth           ####......   100%        9    #######
 Static Discharge         Conj/Air       #.......     86%         3    #......
 Corona                   Hex            #......      50%         1    None
 Alistair's Intoxication  Tmut/Pois      ###.....     71%         5    #####..
 Lee's Rapid Deconstruct  Erth           ####......   7%          5    #####..
 Sandblast                Erth           ####..       1%          1    None
 Simulacrum               Ice/Necr       #.........   100%        6    ######.
 Conjure Ball Lightning   Conj/Air       #.........   100%        6    ######.
 Chain Lightning          Conj/Air       #.........   100%        8    #######
 Portal Projectile        Hex/Tloc       ###...       11%         3    #......
 Petrify                  Tmut/Erth      ####....     2%          4    ###....
 Orb of Destruction       Conj           #.........   100%        7    #######
 Malign Gateway           Summ/Tloc      ###.......   100%        7    #######
 Tornado                  Air            #.........   100%        9    #######
 Leda's Liquefaction      Hex/Erth       ###.......   36%         4    ###....
 Summon Hydra             Summ           #.........   100%        7    #######
 Inner Flame              Hex/Fire       #.......     86%         3    #......
 Aura of Abjuration       Summ           #.........   100%        5    #####..
 Beastly Appendage        Tmut           ####..       1%          1    None
 Iskenderun's Battlesphe  Conj/Chrm      #.......     100%        5    #####..
 Fulminant Prism          Conj/Hex       #.........   99%         4    ###....
 Dazzling Spray           Conj/Hex       #.....       86%         3    #......
 Spectral Weapon          Hex/Chrm       #.......     86%         3    #......
 Discord                  Hex            #.........   100%        8    #######
 Summon Forest            Summ/Tloc      ###.......   71%         5    #####..
 Summon Lightning Spire   Summ/Air       #.......     99%         4    ###....
 Summon Guardian Golem    Hex/Summ       #.......     86%         3    #......
 Spellforged Servitor     Conj/Summ      #.........   100%        7    #######
 Summon Mana Viper        Hex/Summ       #.......     100%        5    #####..
 Hydra Form               Tmut           ####......   36%         6    ######.
 Irradiate                Conj/Tmut      ###.......   71%         5    #####..
 Yara's Violent Unravell  Hex/Tmut       ###.......   71%         5    #####..
 Lesser Beckoning         Tloc           ####......   1%          3    #......
 Poisonous Vapours        Pois/Air       #.....       65%         2    None
 Ignition                 Fire           #.........   100%        8    #######
 Borgnjor's Vile Clutch   Necr/Erth      ###.......   71%         5    #####..


Dungeon Overview and Level Annotations

Branches:
Dungeon (15/15)            Temple (1/1) D:7            Lair (6/6) D:9
 Shoals (4/4) Lair:3       Spider (4/4) Lair:2        Slime (5/5) Lair:5
    Orc (2/2) D:12            Elf (3/3) Orc:2        Vaults (5/5) D:14
  Crypt (3/3) Vaults:2       Tomb (3/3) Crypt:3      Depths (5/5) D:15
   Hell (1/1)                 Dis (7/7) Hell            Geh (7/7) Hell
    Coc (7/7) Hell            Tar (7/7) Hell            Zot (5/5) Depths:5

Altars:
Ashenzari
Cheibriados
Dithmenos
Elyvilon
Fedhas
Gozag
Hepliaklqana
Kikubaaqudgha
Makhleb
Nemelex Xobeh
Okawaru
Qazlal
Ru
Sif Muna
Trog
Uskayaw
Vehumet
Wu Jian
Xom
Yredelemnul
Zin
The Shining One
Beogh
Jiyva

Shops:
D:12 [:   D:15 (   Orc:1 ?   Orc:2 [(![[   Elf:1 ?   Elf:2 ?   Vaults:2 *!?
Vaults:3 [   Vaults:4 =   Depths:1 *==   Depths:2 }=}   Depths:4 %

Portals:
Hell: Depths:1 Depths:2 Depths:3 Depths:4
Abyss: Depths:4
Pandemonium: Depths:3

Annotations:
D:2 1 runed door
Lair:2 3 runed doors, Irobeh Bega's ghost, journeyman GrFi
Shoals:4 Ilsuiw
Zot:2 3 runed doors, Qydoh's ghost, legendary SpEn


Innate Abilities, Weirdness & Mutations

You have claws for hands.
You are completely covered in large bone plates. (SH +8)
You are powered by pain.
You are extremely robust. (+30% HP)
You are completely covered in sharp spines.
Your life essence is reduced to manifest your ancestor. (-10% HP)
You have large cloven feet.
Scrolls take you a little longer to read.
You are clumsy. (Dex -2)
Your flesh is cold resistant. (rC+)
Your body sometimes deteriorates upon taking damage.
You are dopey. (Int -2)
Your magical capacity is low. (-10% MP)
You passively map a small area around you.
Your system is resistant to poisons. (rPois)
Your natural rate of healing is unusually fast.
You are weak. (Str -2)


Message History

You hear a grinding noise.
You hear a grinding noise.
There is an escape hatch in the ceiling here.
A mysterious force pulls you upwards. The hatch slams shut behind you.
Your summoned ally is left behind.
You swap places.
There's nothing to close nearby.
Unknown command. 2 red devils, a balrug and 2 sun demons come into view.
A red devil is wielding a demon trident of flaming.
The sun demon shouts! x2
Evoke which item? (* to show all) (? for menu, Esc to quit)
Aiming: Dig
Press: ? - help, Shift-Dir - straight line A rock wall.
This square is covered in magical glow.
The rock shatters into small pieces.
Rodica is no longer moving quickly.
There is a staircase leading out of the dungeon here.
You have escaped!

#.### ####################.####
#...## *#.# #.# #
#.#..###.###################.# #
#.##.##...................##.# #
..##...#.................##..# #
####...##..8..##'##..8..##...# #
4.##..[.##...##...##...##....# #
#.#......#####.....#####.....# #
...#.......3.3.R@...^........# #
#..##.......................#####
....############'############....
#.#...........................###
#.#########.###########.###..## #
......# #.# #.# ##.# ......# #.#
#.# #.## ......#####(# #.# #..###
............# ########'## ##....


You could see the friendly Rodica the battlemage and 2 sun demons.

Vanquished Creatures
  Cerebov (Pan)
  Antaeus (Coc:7)
  the Royal Jelly (Slime:5)
  the Serpent of Hell (Coc:7)
  Ereshkigal (Tar:7)
  Lom Lobon (Pan)
  Gloorx Vloq (Pan)
  Mnoleg (Pan)
  Dispater (Dis:7)
  4 ancient liches
  Mennas (Vaults:3)
  4 orbs of fire
  13 pandemonium lords
  Sojobo (Crypt:1)
  8 shard shrikes
  14 greater mummies
  96 large abominations
  Margery (Depths:4)
  5 Killer Klowns (Zot:5)
  10 golden dragons
  3 curse toes
  Jory (Crypt:3)
  Geryon (Hell)
  13 liches
  11 bone dragons
  19 Brimstone Fiends
  13 tentacled monstrosities
  3 doom hounds
  A hellephant (Pan)
  An electric golem (Zot:5)
  An iron giant (Dis:6)
  17 Tzitzimimeh
  13 Hell Sentinels
  22 Ice Fiends
  17 Orb Guardians
  7 quicksilver dragons
  8 titans
  8 acid blobs
  5 eldritch tentacles
  2 deep elf blademasters (Elf:3)
  9 ancient champions
  25 Executioners (Pan)
  6 sphinxes
  21 tentacled starspawn
  Frances (D:13)
  7 death cobs
  10 storm dragons
  16 shadow dragons
  A daeva (Abyss:2)
  2 draconian monks
  3 revenants
  6 tengu reavers
  13 azure jellies
  The ghost of Jabuqex the Severer, a journeyman MiGl of Okawaru (D:15)
  10 fire giants
  2 ghost moths (Spider:4)
  9 iron dragons
  6 deep elf sorcerers
  3 draconian shifters
  13 warmongers (Pan)
  2 draconian knights (Zot:1)
  An orc warlord (Orc:2)
  7 frost giants
  21 vault wardens
  5 draconian scorchers
  Aizul (Shoals:1)
  22 cacodemons
  5 emperor scorpions
  5 ghouls
  A juggernaut zombie (Zig:9)
  23 balrugs
  13 ironheart preservers
  8 blood saints (Pan)
  4 draconian stormcallers
  2 curse skulls (Pan)
  4 deep elf elementalists
  2 war gargoyles (Vaults:4)
  19 very ugly things
  4 draconian annihilators
  66 reapers
  7 green draconians
  2 elemental wellsprings (Coc:7)
  18 stone giants
  10 vampire knights
  3 entropy weavers
  5 bennus
  15 corrupters (Pan)
  70 starcursed masses
  7 black draconians
  12 lorocyprocas (Pan)
  6 purple draconians
  A deep elf demonologist (Vaults:5)
  6 red draconians
  5 yellow draconians
  3 white draconians
  8 black suns (Pan)
  9 spark wasps
  Azrael (Spider:1)
  9 deep elf annihilators
  31 blizzard demons
  A dire elephant (shapeshifter) (Vaults:3)
  2 merfolk javelineers (Shoals:4)
  8 deep elf death magi
  4 eidola
  10 fire dragons
  20 green deaths
  6 death oozes
  18 jiangshi
  14 ettins
  5 deep elf high priests
  16 mummy priests
  2 spectral krakens (Tar:7)
  17 yaktaur captains
  8 ogre magi
  8 great orbs of eyes
  3 quicksilver dragon zombies
  A merfolk impaler (Shoals:4)
  28 vault guards
  A naga warrior (Abyss:1)
  2 kraken zombies
  8 rakshasas
  12 monstrous demonspawn (Pan)
  17 ice dragons
  2 quicksilver dragon skeletons
  3 spriggan air magi
  7 centaur warriors
  6 hydras
  A juggernaut simulacrum (Pan)
  6 hell beasts (Pan)
  2 merfolk avatars
  A spectral frost giant (Crypt:3)
  A merfolk aquamancer (Shoals:4)
  3 catoblepae (Lair:6)
  7 death knights
  A ghost crab (Tar:2)
  9 hell hogs
  6 death yaks
  2 alligator snapping turtles
  A two-headed ogre (shapeshifter) (D:15)
  29 two-headed ogres
  11 thrashing horrors
  14 deep troll earth magi
  3 satyrs
  8 tengu warriors
  9 deep troll shamans
  9 vampire magi
  47 death scarabs
  19 dancing weapons
  3 spriggan berserkers
  An orc high priest (Orc:2)
  42 soul eaters
  7 titan zombies
  11 iron trolls
  33 hell knights
  An iron golem (Geh:5)
  59 sun demons
  14 deep elf knights
  4 titan skeletons
  30 small abominations
  17 wretched stars
  A fire crab (shapeshifter) (Vaults:1)
  2 storm dragon zombies
  9 spatial maelstroms
  14 torturous demonspawn (Pan)
  A cherub (Pan)
  48 deep trolls
  97 skeletal warriors
  4 storm dragon skeletons
  31 sixfirhies
  10 shadow wraiths
  A spark wasp zombie (Crypt:2)
  2 golden dragon zombies
  A quicksilver dragon simulacrum (Coc:2)
  A swamp dragon (Zot:4)
  5 sea snakes
  7 gelid demonspawn (Pan)
  3 glowing orange brains
  7 flayed ghosts
  4 wizards
  16 infernal demonspawn (Pan)
  9 anaconda zombies
  30 shadow demons
  2 unseen horrors (shapeshifter)
  An unseen horror (D:13)
  5 phantasmal warriors
  4 spectral wolf spiders (Spider:4)
  A kraken simulacrum (Coc:7)
  11 deep elf archers
  A lindwurm (Lair:6)
  6 anaconda skeletons
  13 orc knights
  20 ironbrand convokers
  Pikel (D:7)
  3 shadow dragon zombies
  19 wolf spiders
  4 harpies (Shoals:3)
  5 orb spiders
  4 iron dragon zombies
  12 necromancers
  A wolf spider zombie (Tomb:2)
  2 golden dragon skeletons
  35 ugly things
  4 orc sorcerers
  6 fire giant zombies
  7 manticores
  8 fauns
  3 shining eyes
  5 salamanders (Volcano)
  10 frost giant zombies
  A faun (shapeshifter) (Vaults:2)
  6 cyclopes
  38 deep elf magi
  4 stone giant zombies
  22 moths of wrath
  A black mamba (shapeshifter) (Depths:4)
  3 apocalypse crabs
  5 dire elephant zombies
  4 shadow dragon skeletons
  5 merfolk sirens
  3 fire giant skeletons
  13 vault sentinels
  6 worldbinders
  A torpor snail (Spider:4)
  2 guardian serpents (shapeshifter)
  2 iron dragon skeletons (Dis:6)
  9 spiny frogs
  5 stone giant skeletons
  An elephant (Lair:6)
  7 frost giant skeletons
  A black mamba (Lair:6)
  16 rust devils
  3 eyes of devastation
  A shock serpent skeleton (Geh:1)
  3 water nymphs
  38 orange demons
  7 titan simulacra (Coc:7)
  4 molten gargoyles
  A guardian serpent (Zig:3)
  2 ice statues
  2 human skeletons
  67 smoke demons
  A spiny frog (shapeshifter) (Abyss:5)
  4 storm dragon simulacra (Coc:7)
  3 battlemagi
  4 dire elephant skeletons
  2 spectral redbacks (Spider:4)
  12 spectral swamp worms (Tar:7)
  A catoblepas zombie (Tomb:2)
  28 hellions
  A komodo dragon (shapeshifter) (D:15)
  2 rime drakes (shapeshifter)
  40 yaktaurs
  3 emperor scorpion zombies
  25 freezing wraiths
  A redback zombie (Spider:4)
  5 anaconda simulacra
  A komodo dragon (Lair:5)
  38 tormentors
  34 ice devils
  2 rime drakes
  9 efreet
  An iron troll zombie (Dis:6)
  45 demonic crawlers
  A minotaur zombie (Dis:7)
  24 hellwings
  23 guardian mummies
  2 kobold demonologists
  A queen bee (D:8)
  9 ancient zymes
  30 red devils
  2 tengu conjurers
  A catoblepas skeleton (Crypt:1)
  31 jumping spiders
  6 trolls
  A meliai (shapeshifter) (Abyss:5)
  2 harpy zombies
  3 hornets
  A polar bear (shapeshifter) (Abyss:3)
  Grinder (D:6)
  17 hydra zombies
  A tengu simulacrum (Vaults:2)
  10 merfolk
  2 slime creatures (shapeshifter) (Depths:4)
  4 tyrant leeches (Spider:3)
  A jumping spider (shapeshifter) (Depths:3)
  2 spectral tarantellas (Spider:4)
  17 raiju
  7 fire dragon zombies
  A sphinx simulacrum (Vaults:2)
  10 blink frogs
  14 wind drakes
  5 bog bodies (Coc:7)
  3 ice dragon zombies
  A meliai zombie (D:12)
  26 slime creatures
  14 dream sheep
  5 snapping turtles
  4 hydra skeletons
  7 alligator zombies
  8 hippogriffs
  A fire giant simulacrum (Coc:1)
  An air elemental (Elf:1)
  50 redbacks
  7 ice dragon skeletons
  53 ynoxinuls
  7 ettin zombies
  113 flying skulls
  36 tarantellas
  19 shadows
  A centaur simulacrum (D:15)
  Sigmund (D:5)
  A vampire (Abyss:2)
  A tarantella (shapeshifter) (Depths:1)
  An alligator skeleton (Tar:2)
  2 ettin skeletons
  20 water elementals
  26 wraiths
  5 fire dragon skeletons
  A hog (shapeshifter) (D:15)
  7 ushabtiu (Tomb:2)
  8 wyverns
  Grum (Lair:1)
  7 hungry ghosts
  11 golden eyes
  3 basilisks
  20 fire elementals
  5 fire bats
  43 neqoxecs
  18 yaks
  Eustachio (D:5)
  6 spatial vortices
  5 vampire mosquitoes
  2 nagas (Zig:3)
  41 chaos spawn
  5 spiny frog zombies
  6 wargs
  Edmund (D:5)
  3 insubstantial wisps (Abyss:1)
  3 hydra simulacra (Coc:7)
  2 merfolk zombies
  8 water moccasins
  5 floating eyes
  3 spectral hornets (Spider:4)
  6 porcupines
  61 hell hounds
  3 hornet zombies
  A deep troll skeleton (Vaults:2)
  3 spiny frog skeletons
  An eye of draining (shapeshifter) (Elf:1)
  10 ice beasts
  2 sky beasts (shapeshifter)
  2 black bears
  40 orc warriors
  An ice dragon simulacrum (Crypt:1)
  3 sky beasts
  3 snapping turtle zombies (Dis:7)
  A slave (D:7)
  A swamp drake (D:9)
  A black bear (shapeshifter) (Elf:1)
  6 eyes of draining
  3 phantoms
  5 swamp dragon zombies
  26 ogres
  2 manticore zombies
  22 necrophages
  6 wolves
  21 centaurs
  A centaur (shapeshifter) (Abyss:3)
  4 swamp dragon skeletons
  8 crocodiles
  13 boggarts
  3 snapping turtle skeletons
  4 big kobolds
  2 manticore skeletons
  An octopode zombie (Crypt:1)
  4 earth elementals
  A komodo dragon zombie (Crypt:1)
  13 bullfrogs
  2 human simulacra
  3 scorpions
  A water moccasin skeleton (D:11)
  A wyvern skeleton (Crypt:2)
  A spriggan zombie (Geh:7)
  A queen bee zombie (Crypt:1)
  17 killer bees
  69 wights
  4 howler monkeys
  15 crimson imps
  3 centaur zombies
  10 quasits
  6 hounds
  7 jellies
  22 orc priests
  A black bear skeleton (Crypt:1)
  3 centaur skeletons
  A gnoll shaman (D:8)
  4 human zombies
  34 orc wizards
  An iguana (D:5)
  29 iron imps
  2 bullfrog skeletons
  6 hell rats (Hell)
  A porcupine zombie (Crypt:1)
  11 worker ants
  A big kobold zombie (Ossuary)
  A tengu zombie (Dis:6)
  A naga skeleton (Geh:7)
  A felid skeleton (Crypt:1)
  2 tengu skeletons
  A hound skeleton (D:4)
  29 mummies
  Robin (D:1)
  7 gnolls
  11 adders
  10 shadow imps
  18 white imps
  7 ufetubi
  2 adder skeletons
  2 worms
  2 dart slugs (D:5)
  6 leopard geckos
  107 orcs
  2 giant cockroaches (D:6)
  16 goblins
  6 hobgoblins
  16 jackals
  11 kobolds
  3 quokkas
  6 bats
  9 frilled lizards
  A goblin skeleton (D:9)
  2 goblin zombies (D:9)
  9 hobgoblin zombies
  A jackal skeleton (Crypt:1)
  3 kobold skeletons (D:9)
  7 kobold zombies
  2 orc skeletons (D:9)
  9 orc zombies
  A quokka zombie (D:8)
  15 rats
  A rat zombie (Ossuary)
  A block of ice (Pan)
  A crawling corpse (Elf:3)
  A fire vortex (Geh:7)
  A lurking horror (Abyss:2)
  A plant (Shoals:2)
  17 starspawn tentacles
  4 tentacles
4371 creatures vanquished.

Vanquished Creatures (collateral kills)
  Asmodeus (Geh:7)
  Tiamat (Zot:4)
  Mara (Vaults:3)
  An orb of fire (Zot:5)
  The ghost of Deemzul the Grand Master, a legendary DsFi of Hepliaklqana (Crypt:2)
  2 ancient liches
  2 juggernauts
  18 greater mummies
  Boris (Tomb:2)
  A shard shrike (Coc:3)
  Frederick (Vaults:3)
  5 Killer Klowns
  6 golden dragons
  5 bone dragons
  A profane servitor (Crypt:3)
  6 Brimstone Fiends
  Arachne (Spider:4)
  A doom hound (Tar:7)
  6 liches
  2 Tzitzimimeh (Tar:7)
  An electric golem (Zot:5)
  An iron giant (Dis:7)
  7 tentacled monstrosities
  2 Hell Sentinels
  4 Ice Fiends
  7 Orb Guardians (Zot:5)
  6 titans
  Asterion (Vaults:1)
  9 acid blobs
  10 tentacled starspawn
  A deep elf blademaster (Elf:3)
  Gastronok (Lair:3)
  2 death cobs
  3 quicksilver dragons
  5 sphinxes
  An eldritch tentacle (Dis:2)
  7 Executioners
  5 storm dragons
  2 ancient champions
  A draconian monk (Zot:4)
  8 shadow dragons
  3 tengu reavers
  3 warmongers (Pan)
  5 pandemonium lords
  An azure jelly (Slime:4)
  7 fire giants
  A vault warden (Vaults:2)
  5 deep elf sorcerers
  3 frost giants
  A ghost moth (Abyss:5)
  A nagaraja (Zig:3)
  A fire giant (shapeshifter) (Zig:8)
  3 iron dragons
  2 draconian knights
  15 balrugs
  11 cacodemons
  2 ghouls
  A draconian stormcaller (Zot:1)
  2 emperor scorpions (Spider:4)
  3 draconian shifters
  7 deep elf elementalists
  A draconian scorcher (Zot:2)
  26 reapers
  15 stone giants
  9 ironheart preservers
  3 blood saints (Pan)
  3 draconian annihilators
  5 bennus
  5 very ugly things
  2 deep elf demonologists
  4 war gargoyles
  2 green draconians (Zot:4)
  7 deep elf annihilators
  6 corrupters (Pan)
  2 black suns (Pan)
  4 red draconians
  2 black draconians
  4 lorocyprocas (Pan)
  3 purple draconians
  3 yellow draconians
  3 white draconians
  7 spark wasps
  13 blizzard demons
  2 eidola
  2 death oozes
  A crystal guardian (Abyss:5)
  13 mummy priests
  10 green deaths
  4 quicksilver dragon zombies
  5 ettins
  3 fire dragons
  2 merfolk impalers
  2 deep elf high priests (Elf:3)
  4 deep elf death magi
  3 merfolk javelineers
  7 great orbs of eyes
  8 jiangshi
  13 ice dragons
  5 yaktaur captains
  12 rakshasas
  16 vault guards
  Harold (Lair:4)
  A naga warrior (Zig:3)
  7 monstrous demonspawn (Pan)
  3 hell beasts (Pan)
  3 spriggan air magi
  An anaconda (shapeshifter) (Abyss:3)
  A quicksilver dragon skeleton (Tar:7)
  3 centaur warriors
  A juggernaut simulacrum (Pan)
  Fannar (Lair:1)
  A catoblepas (Lair:5)
  2 ghost crabs
  2 merfolk avatars
  6 two-headed ogres
  2 merfolk aquamancers
  4 dancing weapons
  2 ogre magi
  2 vampire magi
  An alligator snapping turtle (shapeshifter) (Zig:8)
  31 death scarabs
  A satyr (Abyss:5)
  2 death yaks (Lair:5)
  5 tengu warriors
  A hell hog (Geh:7)
  2 titan zombies
  6 deep troll shamans
  5 deep troll earth magi
  11 thrashing horrors
  26 sun demons
  6 deep elf knights
  A storm dragon zombie (Dis:1)
  An iron golem (Geh:6)
  17 hell knights
  A spriggan berserker (Depths:3)
  3 titan skeletons
  18 soul eaters
  8 wretched stars
  11 sixfirhies
  A spriggan (Depths:3)
  5 shadow wraiths
  A spatial maelstrom (Abyss:1)
  A salamander mystic (Volcano)
  2 shadow dragon zombies
  38 skeletal warriors
  A golden dragon zombie (Crypt:2)
  3 iron trolls (Dis:7)
  5 anaconda zombies
  3 torturous demonspawn (Pan)
  17 deep trolls
  5 flayed ghosts
  3 unseen horrors
  12 deep elf archers
  5 infernal demonspawn (Pan)
  7 shadow demons (Tar:7)
  A storm dragon skeleton (Geh:6)
  2 unseen horrors (shapeshifter)
  3 wizards (Pan)
  5 sea snakes
  4 glowing orange brains
  2 swamp dragons (Abyss:5)
  A phantasmal warrior (Vaults:4)
  2 gelid demonspawn (Pan)
  37 large abominations
  An anaconda skeleton (Coc:7)
  9 ironbrand convokers
  A kraken simulacrum (Coc:7)
  3 orc knights
  4 harpies (Shoals:3)
  5 necromancers
  2 golden dragon skeletons
  2 iron dragon zombies
  An orc sorcerer (Vaults:4)
  13 orb spiders
  5 stone giant zombies
  8 frost giant zombies
  14 ugly things
  2 fire giant zombies
  A mana viper (shapeshifter) (Depths:4)
  16 wolf spiders
  A salamander (Volcano)
  A wolf spider (shapeshifter) (Depths:3)
  A shadow dragon skeleton (Coc:4)
  4 cyclopes
  A cyclops (shapeshifter) (Depths:3)
  4 manticores
  2 salamanders (shapeshifter)
  4 fauns
  28 deep elf magi
  3 dire elephant zombies
  An iron dragon skeleton (Tar:7)
  2 worldbinders
  A merfolk siren (Shoals:2)
  7 moths of wrath
  A moth of wrath (shapeshifter) (Vaults:5)
  3 elephants (Lair:6)
  2 frost giant skeletons
  3 titan simulacra (Coc:7)
  6 ice statues
  7 rust devils
  5 apocalypse crabs
  2 molten gargoyles (Geh:7)
  3 stone giant skeletons
  A vault sentinel (Vaults:5)
  2 eyes of devastation
  31 smoke demons
  A black mamba (shapeshifter) (Vaults:4)
  3 spectral swamp worms (Tar:7)
  A battlemage (Vaults:3)
  11 orange demons
  2 centaur skeletons
  2 spiny frogs
  An emperor scorpion zombie (Tar:2)
  33 hellions
  A rime drake (shapeshifter) (Depths:3)
  A catoblepas zombie (Tar:7)
  A dire elephant skeleton (Tar:2)
  A komodo dragon (Lair:3)
  A spectral redback (Spider:4)
  A black draconian zombie (Crypt:2)
  An anaconda simulacrum (Coc:7)
  12 hellwings
  12 ice devils
  8 freezing wraiths
  17 tormentors
  A yaktaur (shapeshifter) (Depths:2)
  18 demonic crawlers
  An iron troll zombie (Dis:6)
  23 yaktaurs
  A ghost moth simulacrum (Coc:1)
  8 ancient zymes
  5 efreet
  20 guardian mummies
  A troll (D:13)
  4 hydra zombies
  A silent spectre (Tar:7)
  29 red devils
  4 tengu conjurers
  14 merfolk
  A polar bear (Vaults:3)
  7 jumping spiders
  3 fire dragon zombies
  A spectral tarantella (Spider:4)
  2 iron troll skeletons (Dis:6)
  2 spectral jumping spiders (Spider:4)
  A raiju (shapeshifter) (D:11)
  2 bog bodies (Coc:7)
  An ice dragon zombie (Dis:7)
  4 hornets
  6 blink frogs
  5 wind drakes
  22 slime creatures
  20 raiju
  2 alligator zombies
  3 hydra skeletons
  6 ettin zombies
  A dream sheep (Shoals:2)
  3 snapping turtles
  4 hippogriffs
  3 black mamba zombies
  A stone giant simulacrum (Abyss:2)
  41 flying skulls
  9 wraiths
  11 water elementals
  22 ynoxinuls
  8 fire elementals
  10 shadows
  27 starcursed masses
  An alligator skeleton (Abyss:3)
  A wyvern (D:9)
  A dire elephant simulacrum (Crypt:3)
  2 yaks
  18 redbacks
  7 ushabtiu
  A basilisk (Lair:2)
  An ice dragon skeleton (Geh:7)
  A spriggan skeleton (Zig:2)
  19 tarantellas
  An ettin skeleton (Geh:7)
  12 neqoxecs
  2 fire bats
  4 golden eyes
  14 chaos spawn
  2 hungry ghosts
  5 spatial vortices
  A vampire mosquito (D:15)
  A warg (Vaults:4)
  2 acid dragons
  2 merfolk skeletons
  4 water moccasins
  4 porcupines
  6 spiny frog zombies
  31 hell hounds
  A hydra simulacrum (Coc:7)
  A spectral hornet (Spider:4)
  21 orc warriors
  8 necrophages
  3 sky beasts
  24 small abominations
  A hornet zombie (Spider:4)
  3 ice beasts
  A swamp dragon zombie (Coc:3)
  2 phantoms
  6 eyes of draining
  2 snapping turtle zombies (Coc:1)
  2 wolves
  7 ogres
  A manticore zombie (Coc:1)
  A wolf (shapeshifter) (Depths:3)
  7 centaurs
  3 boggarts
  3 crocodiles
  An elf zombie (Tar:6)
  2 bullfrogs
  A big kobold (D:10)
  An earth elemental (Spider:3)
  A wyvern zombie (D:12)
  3 scorpions
  25 wights
  2 killer bees (D:8)
  A troll skeleton (Crypt:2)
  3 centaur zombies
  4 crimson imps
  3 quasits
  3 jellies
  2 hounds
  8 orc priests
  5 iron imps
  6 orc wizards
  A black bear zombie (Crypt:1)
  A bullfrog skeleton (D:10)
  Ijyb (D:4)
  2 worker ants
  3 hell rats (Hell)
  A tengu zombie (Coc:4)
  A hound skeleton (Crypt:2)
  18 mummies
  An adder (D:12)
  2 shadow imps
  10 white imps
  5 ufetubi
  37 orcs
  3 jackals (D:4)
  5 kobolds
  2 quokkas
  3 hobgoblin zombies
  4 kobold zombies
  An orc skeleton (D:9)
  2 orc zombies (Ossuary)
  A rat zombie (Ossuary)
  A butterfly (Lair:2)
  2 crawling corpses (Elf:3)
  A demonic plant (Pan)
  2 fire vortices (Pan)
  A fungus (Lair:6)
  3 lurking horrors
  11 starspawn tentacles
  A tentacle (Tar:7)
1949 creatures vanquished.

Vanquished Creatures (others)
  A bone dragon (Geh:5)
  4 eldritch tentacles
  A balrug (Pan)
  An elemental wellspring (Coc:7)
  A stone giant (Depths:4)
  A yaktaur captain (Vaults:5)
  A hell beast (Pan)
  An ice dragon (Coc:7)
  4 death scarabs (Tomb:3)
  A two-headed ogre (Vaults:3)
  3 hell hogs
  A sun demon (Pan)
  A hell knight (Depths:4)
  A skeletal warrior (Tomb:2)
  A deep troll (Vaults:5)
  An infernal demonspawn (Pan)
  An orb spider (Spider:2)
  A worldbinder (Abyss:5)
  A hellion (Geh:7)
  A demonic crawler (Pan)
  2 yaktaurs
  A guardian mummy (Tomb:2)
  A hydra zombie (Coc:7)
  An alligator zombie (Coc:7)
  A hippogriff (D:8)
  A wind drake (Pan)
  3 blink frogs (Abyss:4)
  3 flying skulls (Tomb:2)
  An ice dragon skeleton (Tomb:3)
  A golden eye (Abyss:2)
  A fire bat (Pan)
  A chaos spawn (Pan)
  A hell hound (Geh:7)
  2 small abominations (Abyss:3)
  A slave (D:7)
  A necrophage (Tar:2)
  A snapping turtle skeleton (Geh:7)
  A bullfrog (D:15)
  A spriggan zombie (Geh:4)
  A quasit (Abyss:1)
  A hound (D:11)
  An orc wizard (D:12)
  An ancestor (D:8)
  118 battlemagi
  A hell rat (Hell)
  A mummy (Tomb:2)
  3 ball lightnings (Pan)
  An orc (Vaults:3)
  A block of ice (Pan)
  2 demonic plants (Pan)
  3 fire vortices (Pan)
  3 fungi
  4 lurking horrors
  18 plants
  56 starspawn tentacles
  33 tentacles
301 creatures vanquished.

Grand Total: 6621 creatures vanquished

Notes
Turn   | Place    | Note
-------+----------+-------------------------------------------
     0 | D:1      | Deemzul the Demonspawn Fighter began the quest for the Orb.
     0 | D:1      | Reached XP level 1. HP: 18/18 MP: 1/1
   254 | D:1      | Gained mutation: You have sharp fingernails. [demonic ancestry]
   254 | D:1      | Reached XP level 2. HP: 17/24 MP: 2/2
   856 | D:2      | Gained mutation: You are partially covered in large bone plates. (SH +4) [demonic ancestry]
   856 | D:2      | Reached XP level 3. HP: 20/29 MP: 3/3
  1251 | D:2      | Noticed Robin
  1377 | D:1      | Killed Robin
  1389 | D:2      | Reached XP level 4. HP: 35/35 MP: 4/4
  1421 | D:2      | Found a runed door.
  1470 | D:2      | Found a bloodstained altar of Trog.
  1637 | D:2      | Found a snail-covered altar of Cheibriados.
  1953 | D:3      | Found a shattered altar of Ashenzari.
  2402 | D:4      | Found a white marble altar of Elyvilon.
  2404 | D:4      | Noticed an ogre
  2505 | D:4      | Gained mutation: You sometimes gain a little power by taking damage. [demonic ancestry]
  2505 | D:4      | Reached XP level 5. HP: 39/41 MP: 5/5
  2702 | D:4      | Noticed an orc warrior
  2760 | D:4      | Killed an orc warrior
  2760 | D:4      | Reached skill level 1 in Dodging
  2760 | D:4      | Gained mutation: You have very sharp fingernails. [demonic ancestry]
  2760 | D:4      | Reached XP level 6. HP: 37/47 MP: 6/6
  2792 | D:4      | Noticed Ijyb
  2813 | D:4      | Killed Ijyb
  2893 | D:4      | Reached skill level 5 in Unarmed Combat
  3167 | D:4      | Gained mutation: You are partially covered in sharp spines. [demonic ancestry]
  3167 | D:4      | Reached XP level 7. HP: 48/52 MP: 7/7
  3609 | D:5      | Entered Level 5 of the Dungeon
  3609 | D:5      | Noticed Edmund
  3626 | D:5      | Killed Edmund
  3747 | D:5      | Got a brightly glowing hand crossbow
  3757 | D:5      | Identified the +6 hand crossbow "Atyph" {flame, +Fly rElec MR+ SInv} (You found it on level 5 of the Dungeon)
  3985 | D:5      | Found a sacrificial altar of Ru.
  4015 | D:5      | Noticed Eustachio
  4038 | D:5      | Killed Eustachio
  4038 | D:5      | Reached XP level 8. HP: 53/58 MP: 8/8
  4218 | D:5      | Reached skill level 1 in Evocations
  4233 | D:5      | Got a fine ruby amulet
  4331 | D:5      | Noticed Sigmund
  4342 | D:5      | Killed Sigmund
  4685 | D:6      | Noticed a two-headed ogre
  4709 | D:6      | Found a sand-covered staircase.
  4829 | D:6      | Found a basalt altar of Yredelemnul.
  4904 | D:6      | Found a glowing drain.
  4921 | Sewer    | Entered a sewer
  5011 | Sewer    | Found a glowing silver altar of Zin.
  5132 | D:6      | Killed a two-headed ogre
  5132 | D:6      | Reached skill level 5 in Shields
  5132 | D:6      | Gained mutation: You are mostly covered in large bone plates. (SH +6) [demonic ancestry]
  5132 | D:6      | Reached XP level 9. HP: 66/66 MP: 9/11
  5206 | D:6      | Reached skill level 5 in Armour
  5416 | D:6      | Noticed Grinder
  5424 | D:6      | Killed Grinder
  5424 | D:6      | Reached skill level 5 in Fighting
  5668 | D:7      | Found a staircase to the Ecumenical Temple.
  5686 | D:7      | Identified the amulet of Avonkij {Spirit rN+ SInv Stlth+} (You took it off a gnoll on level 5 of the Dungeon)
  5694 | Temple   | Entered the Ecumenical Temple
  5920 | Temple   | Became a worshipper of Hepliaklqana the Forgotten
  6246 | D:7      | Noticed Pikel
  6255 | D:7      | Killed Pikel
  6255 | D:7      | Reached XP level 10. HP: 53/66 MP: 8/13
  6277 | D:7      | Found a glowing silver altar of Zin.
  6394 | D:8      | Found a shadowy altar of Dithmenos.
  6406 | D:8      | Got a pitted rapier
  6524 | D:8      | Reached * piety under Hepliaklqana
  6554 | D:8      | Found a sand-covered staircase.
  6562 | Ossuary  | Entered an ossuary
  6909 | D:8      | Noticed a two-headed ogre
  6931 | D:8      | Killed a two-headed ogre
  7120 | D:8      | Found a sparkling altar of Nemelex Xobeh.
  7122 | D:8      | Found an opulent altar of Gozag.
  7122 | D:8      | Found an iron altar of Okawaru.
  7250 | D:8      | Reached skill level 5 in Dodging
  7250 | D:8      | Reached skill level 5 in Evocations
  7428 | D:9      | Found a glowing golden altar of the Shining One.
  7617 | D:8      | Reached ** piety under Hepliaklqana
  7790 | D:9      | Remembered your ancestor Rodica as a battlemage
  7971 | D:9      | Noticed a two-headed ogre
  7978 | D:9      | Killed a two-headed ogre
  7978 | D:9      | Reached XP level 11. HP: 74/74 MP: 15/15
  8219 | D:9      | Reached skill level 10 in Unarmed Combat
  8250 | D:9      | Found a staircase to the Lair.
  8382 | Lair:1   | Entered Level 1 of the Lair of Beasts
  8590 | Lair:1   | Noticed an eight-headed hydra
  8608 | Lair:1   | Noticed Grum
  8735 | D:10     | Entered Level 10 of the Dungeon
  8822 | D:10     | Noticed a brown ugly thing
  8831 | D:10     | Killed a brown ugly thing
  9112 | D:10     | Reached *** piety under Hepliaklqana
  9486 | D:11     | Noticed a two-headed ogre
  9493 | D:11     | Killed a two-headed ogre
  9619 | D:11     | Noticed an unseen horror
  9628 | D:11     | Killed an unseen horror
  9631 | D:11     | Noticed a green ugly thing
  9638 | D:11     | Killed a green ugly thing
  9659 | D:11     | Noticed a two-headed ogre
  9685 | D:11     | Killed a two-headed ogre
  9746 | D:11     | Found a portal to a secret trove of treasure.
  9763 | D:11     | Noticed a cyan ugly thing
  9770 | D:11     | Killed a cyan ugly thing
  9923 | D:11     | Reached XP level 12. HP: 81/81 MP: 17/17
 10560 | D:12     | Found Jugg's Book Shoppe.
 10627 | D:12     | Found Wiloot's Armour Shop.
 10649 | D:12     | Reached skill level 1 in Crossbows
 10867 | D:12     | Reached **** piety under Hepliaklqana
 10951 | D:12     | Reached skill level 1 in Stealth
 11009 | D:12     | Found a staircase to the Orcish Mines.
 11021 | Orc:1    | Entered Level 1 of the Orcish Mines
 11090 | Orc:2    | Entered Level 2 of the Orcish Mines
 11090 | Orc:2    | Found a staircase to the Elven Halls.
 11098 | Orc:2    | Reached skill level 1 in Invocations
 11382 | Orc:2    | Found Xanaagey's Distillery.
 11398 | Orc:2    | Bought a potion of heal wounds for 60 gold pieces
 11398 | Orc:2    | Bought 2 potions of curing for 72 gold pieces
 11398 | Orc:2    | Bought a potion of mutation for 96 gold pieces
 11398 | Orc:2    | Bought a potion of lignification for 36 gold pieces
 11398 | Orc:2    | Bought a potion of degeneration for 12 gold pieces
 11481 | Orc:2    | Found a roughly hewn altar of Beogh.
 11526 | Orc:2    | Found a roughly hewn altar of Beogh.
 11529 | Orc:2    | Noticed an orc high priest
 11543 | Orc:2    | Killed an orc high priest
 11563 | Orc:2    | Found Qyizohe's Armour Emporium.
 11872 | Orc:2    | Found a roughly hewn altar of Beogh.
 12199 | Orc:2    | Noticed an orc warlord
 12417 | Orc:2    | Killed an orc warlord
 12524 | Orc:2    | Found Mudurraa's Antique Armour Shop.
 12525 | Orc:2    | Found a roughly hewn altar of Beogh.
 12528 | Orc:2    | Found Pufath's Antique Weapon Boutique.
 12643 | Orc:2    | Found a roughly hewn altar of Beogh.
 12675 | Orc:2    | Found a roughly hewn altar of Beogh.
 12676 | Orc:2    | Found Lexkosua's Armour Shop.
 12786 | Orc:2    | Reached ***** piety under Hepliaklqana
 12861 | Orc:2    | Found a roughly hewn altar of Beogh.
 12868 | Orc:2    | Reached XP level 13. HP: 89/89 MP: 18/18
 12934 | Orc:1    | Found Voippol's Magic Scroll Shop.
 12942 | Orc:1    | Bought a scroll of acquirement for 520 gold pieces
 12943 | Orc:1    | Got a pair of jewelled boots
 12954 | Orc:1    | Identified the +0 pair of boots "Hiesudergha" {rC+ MR+ Stlth-} (You acquired it on level 1 of the Orcish Mines)
 13056 | Orc:1    | Found a runed door.
 13322 | Orc:1    | Noticed an ettin
 13480 | Orc:1    | Killed an ettin
 13509 | Orc:1    | Found a roughly hewn altar of Beogh.
 13739 | D:13     | Got a fine scale mail
 13750 | D:13     | Identified the cursed +0 scale mail "Mamolant" {rN+} (You found it on level 13 of the Dungeon)
 13917 | D:13     | Noticed Frances
 13946 | D:13     | Killed Frances
 15063 | D:14     | Found a gate to the Vaults.
 15662 | D:15     | Entered Level 15 of the Dungeon
 16383 | Lair:2   | Gained mutation: You are mostly covered in sharp spines. [demonic ancestry]
 16383 | Lair:2   | Reached XP level 14. HP: 76/97 MP: 15/20
 16498 | Lair:2   | Found a hole to the Spider Nest.
 16720 | Lair:2   | Found a runed gate.
 16721 | Lair:2   | Found a runed gate.
 16723 | Lair:2   | Found a runed gate.
 16728 | Lair:2   | Noticed Irobeh Bega's ghost (journeyman GrFi)
 17195 | Lair:2   | Found a viscous altar of Jiyva.
 17357 | Lair:3   | Reached ****** piety under Hepliaklqana
 17822 | Lair:3   | Noticed Gastronok
 17985 | Lair:3   | Killed Gastronok
 18012 | Lair:3   | Found a staircase to the Shoals.
 18353 | Lair:4   | Reached skill level 5 in Stealth
 18430 | Lair:4   | Noticed Harold
 18438 | Lair:4   | Killed Harold
 18438 | Lair:4   | Reached skill level 5 in Crossbows
 19866 | Lair:5   | Found a staircase to the Slime Pits.
 19921 | Lair:6   | Entered Level 6 of the Lair of Beasts
 19922 | Lair:6   | Found a dark tunnel.
 20029 | Volcano  | Entered a volcano
 20048 | Volcano  | Found a burning altar of Makhleb.
 20235 | Lair:6   | Reached skill level 10 in Fighting
 20235 | Lair:6   | Reached XP level 15. HP: 103/103 MP: 21/21
 20880 | Lair:6   | Gained mutation: You have claws for hands. [demonic ancestry]
 20880 | Lair:6   | Reached XP level 16. HP: 87/110 MP: 17/22
 21165 | Lair:1   | Killed Grum
 21267 | Lair:1   | Noticed Fannar
 21291 | Lair:1   | Killed Fannar
 22701 | D:15     | Noticed a storm dragon
 22705 | D:15     | Found a transporter.
 22705 | D:15     | Noticed Jabuqex's ghost (journeyman MiGl)
 22708 | D:15     | Found Vefeapta's Weapon Shop.
 22757 | D:15     | Found a transporter.
 23453 | Shoals:1 | Entered Level 1 of the Shoals
 23455 | Shoals:1 | Noticed Aizul
 23631 | Shoals:1 | Killed Aizul
 23687 | Shoals:1 | Reached skill level 10 in Shields
 23794 | Shoals:1 | Got a transparent plate armour
 23795 | Shoals:1 | Identified the +2 plate armour "Xegoj" {-Cast rF+ Regen+ Str+2} (You acquired it on level 1 of the Shoals)
 24017 | Shoals:1 | Reached skill level 10 in Armour
 24176 | Shoals:1 | You fall through a shaft!
 24320 | Shoals:2 | Got a bloodstained ring mail
 24349 | Shoals:2 | Identified the +5 ring mail "Zaox" {rF+ Dex+6 Slay+2} (You found it on level 2 of the Shoals)
 24895 | Shoals:2 | Reached skill level 10 in Evocations
 25882 | Shoals:3 | Found a glowing silver altar of Zin.
 26059 | Shoals:4 | Entered Level 4 of the Shoals
 26110 | Shoals:4 | Reached skill level 15 in Unarmed Combat
 26269 | Shoals:4 | Reached XP level 17. HP: 101/117 MP: 20/24
 26307 | Shoals:4 | Noticed Ilsuiw
 26348 | Shoals:4 | Reached skill level 10 in Dodging
 27562 | Shoals:4 | Got a barnacled rune of Zot
 28326 | Vaults:1 | Entered Level 1 of the Vaults
 29253 | Vaults:1 | Noticed Asterion
 29261 | Vaults:1 | Killed Asterion
 29806 | Vaults:1 | Got a transparent robe
 29817 | Vaults:1 | Identified the +1 robe of Winter {rC+ Int+4 Dex+3} (You found it on level 1 of the Vaults)
 30506 | Vaults:2 | Reached XP level 18. HP: 114/126 MP: 23/26
 30575 | Vaults:2 | Found a staircase to the Crypt.
 30699 | Vaults:2 | Found Geuwk's General Store.
 30703 | Vaults:2 | Bought the ring "Uzxep" {rPois rF+ Dex+4 SInv} for 878 gold pieces
 30944 | Vaults:2 | Killed a large abomination
 30953 | Vaults:2 | Found Bonee's Distillery.
 32071 | Vaults:2 | Found Faeffesh's Magic Scroll Boutique.
 32576 | Vaults:3 | Noticed Frederick
 32595 | Vaults:3 | Killed Frederick
 32834 | Vaults:3 | Found Qujip's Armour Boutique.
 32842 | Vaults:3 | Bought the +1 cloak of Starlight {rElec rC+ EV+4 Stlth--} for 445 gold pieces
 32842 | Vaults:3 | Found the +1 cloak of Starlight {rElec rC+ EV+4 Stlth--}
 32919 | Vaults:3 | Noticed Mennas
 33620 | Vaults:4 | Found Esuvosi's Jewellery Boutique.
 33653 | Vaults:4 | Bought the ring of Uvof {rCorr Str+5 Dex+4} for 642 gold pieces
 33695 | Vaults:4 | Gained mutation: You are robust. (+10% HP) [demonic ancestry]
 33695 | Vaults:4 | Reached XP level 19. HP: 123/148 MP: 25/27
 36401 | Vaults:3 | Noticed Mara
 36401 | Vaults:3 | Noticed Mara
 36401 | Vaults:3 | Noticed Mara
 36475 | Vaults:3 | Reached XP level 20. HP: 101/157 MP: 29/29
 36860 | Vaults:3 | Noticed Deemzul's illusion
 37566 | Vaults:3 | Killed Mennas
 38289 | Elf:1    | Entered Level 1 of the Elven Halls
 38687 | Elf:2    | Found Jiunenor's Magic Scroll Emporium.
 39373 | Elf:1    | Found Taigafum's Magic Scroll Emporium.
 40759 | Elf:2    | Found a huge runed gate.
 40759 | Elf:2    | Found a huge runed gate.
 40759 | Elf:2    | Found a huge runed gate.
 40809 | Elf:3    | Entered Level 3 of the Elven Halls
 41512 | Elf:3    | Reached XP level 21. HP: 151/165 MP: 28/31
 41831 | Elf:3    | Got a bound marble ring
 41834 | Elf:3    | Identified the ring "Erasyank" {Ice rN++ Dex-5 SInv} (You took it off a deep elf mage on level 3 of the Elven Halls)
 41947 | Elf:3    | Got a transparent platinum ring
 41949 | Elf:3    | Identified the ring of Cowardice {Fire rElec Str+3} (You took it off a deep elf elementalist on level 3 of the Elven Halls)
 42146 | Elf:3    | Got a translucent copper ring
 42215 | Elf:3    | Identified the Almanac of the Mountains and the Frostbite
 42232 | Elf:3    | Identified the ring of the Invisible Hand {rC+ rN+ MP+9 Dex-3} (You took it off a deep elf elementalist on level 3 of the Elven Halls)
 42815 | Spider:1 | Entered Level 1 of the Spider Nest
 42817 | Spider:1 | Noticed Azrael
 42828 | Spider:1 | Killed Azrael
 44422 | Spider:4 | Entered Level 4 of the Spider Nest
 44712 | Spider:4 | Noticed Arachne
 44722 | Spider:4 | Reached skill level 10 in Crossbows
 44725 | Spider:4 | Killed Arachne
 45674 | Spider:4 | Gained mutation: You sometimes gain power by taking damage. [demonic ancestry]
 45674 | Spider:4 | Reached XP level 22. HP: 165/173 MP: 0/32
 45753 | Spider:4 | Got a gossamer rune of Zot
 46687 | D:15     | Found a staircase to the Depths.
 46915 | Depths:1 | Entered Level 1 of the Depths
 46964 | Depths:1 | Found Fauho's Assorted Antiques.
 46969 | Depths:1 | Found Riymauw's Jewellery Shop.
 46969 | Depths:1 | Found Azizudih's Jewellery Boutique.
 48116 | Depths:1 | Found a gateway to Hell.
 48536 | Depths:2 | Reached skill level 15 in Fighting
 49276 | Depths:2 | Cast into level 2 of the Abyss (hell knight)
 49276 | Abyss:2  | Found a corrupted altar of Lugonu.
 49281 | Abyss:2  | Found a corrupted altar of Lugonu.
 49723 | Depths:2 | Escaped the Abyss
 49791 | Depths:2 | Gained mutation: You are very robust. (+20% HP) [demonic ancestry]
 49791 | Depths:2 | Reached XP level 23. HP: 106/199 MP: 29/33
 50294 | Depths:2 | Found Xinysk Kydai's Gadget Shoppe.
 50295 | Depths:2 | Found Piuddan's Jewellery Shop.
 50296 | Depths:2 | Found Aziukhopy's Gadget Shoppe.
 50655 | Depths:1 | Bought the +3 warlock's mirror {reflect} for 1720 gold pieces
 50655 | Depths:1 | Found the +3 warlock's mirror {reflect}
 51484 | Depths:3 | Reached skill level 15 in Evocations
 51932 | Depths:3 | Found a one-way gate leading to the halls of Pandemonium.
 52625 | Depths:4 | Found a gateway to a ziggurat.
 52838 | Depths:4 | Found Ziagid's Food Emporium.
 52848 | Depths:4 | Found a one-way gate to the infinite horrors of the Abyss.
 52964 | Depths:4 | Gained mutation: You are completely covered in sharp spines. [demonic ancestry]
 52964 | Depths:4 | Reached XP level 24. HP: 207/207 MP: 33/34
 53042 | Depths:4 | Noticed Margery
 53093 | Depths:4 | Killed Margery
 53158 | Depths:4 | Noticed a juggernaut
 53678 | Depths:4 | Killed a juggernaut
 53883 | Depths:4 | Identified Oluyl's Handbook of Entrancing Attacks
 53889 | Depths:4 | Identified Busago's Handbook of the Snowflakes and Earth
 53898 | Depths:4 | Learned a level 2 spell: Passwall
 53900 | Depths:4 | Learned a level 1 spell: Apportation
 54132 | Depths:5 | Entered Level 5 of the Depths
 54413 | Depths:5 | Reached skill level 15 in Shields
 54684 | Depths:5 | Reached skill level 15 in Armour
 55019 | Depths:5 | Found a gate to the Realm of Zot.
 55517 | Vaults:3 | Noticed Deemzul's illusion
 55692 | Vaults:3 | Noticed Deemzul's illusion
 55816 | Vaults:3 | Noticed Deemzul's illusion
 55816 | Vaults:3 | Killed Mara
 56268 | Vaults:5 | Entered Level 5 of the Vaults
 56438 | Vaults:4 | Gained mutation: You are completely covered in large bone plates. (SH +8) [demonic ancestry]
 56438 | Vaults:4 | Reached XP level 25. HP: 193/218 MP: 31/34
 57423 | Vaults:5 | Reached skill level 15 in Dodging
 58094 | Vaults:5 | Noticed an ancient lich
 58285 | Vaults:5 | Killed an ancient lich
 58656 | Vaults:5 | Got a coiled silver ring
 58899 | Vaults:5 | Identified the ring "Leamargh" {rPois rF+ rN+ Dex-2} (You took it off an ironbrand convoker on level 5 of the Vaults)
 59062 | Vaults:5 | Found the +7 sceptre of Torment
 59440 | Vaults:5 | Got a steaming amber ring
 59479 | Vaults:5 | Gained mutation: You are powered by pain. [demonic ancestry]
 59479 | Vaults:5 | Reached XP level 26. HP: 232/232 MP: 35/35
 59751 | Vaults:5 | Identified the ring of Activism {*Contam AC+3 Int+2 Dex+4} (You took it off a deep elf sorcerer on level 5 of the Vaults)
 59760 | Vaults:5 | Got a silver rune of Zot
 60561 | Slime:1  | Entered Level 1 of the Pits of Slime
 60584 | Slime:1  | Gained mutation: Your body sometimes deteriorates upon taking damage. [a shining eye]
 61422 | Slime:5  | Entered Level 5 of the Pits of Slime
 61607 | Slime:5  | Noticed the Royal Jelly
 61637 | Slime:5  | Killed the Royal Jelly
 61836 | Slime:5  | Paralysed by a floating eye for 3 turns
 61903 | Slime:5  | Got a slimy rune of Zot
 62366 | D:11     | You showed the slimy rune of Zot to enter a treasure trove
 62367 | Trove    | Entered a treasure trove
 62405 | Trove    | Identified Sif Muna's Tome of Creative Displacement
 62418 | Trove    | Identified Sif Muna's Reference Book on Excruciating Enhancements
 62429 | Trove    | Identified Sif Muna's Handbook of Malediction
 62820 | Zot:1    | Entered Level 1 of the Realm of Zot
 64247 | Zot:2    | Found a runed gate.
 64247 | Zot:2    | Found a runed gate.
 64247 | Zot:2    | Found a runed gate.
 64255 | Zot:2    | Noticed Qydoh's ghost (legendary SpEn)
 64530 | Zot:2    | Gained mutation: You are extremely robust. (+30% HP) [demonic ancestry]
 64530 | Zot:2    | Reached XP level 27. HP: 218/266 MP: 35/35
 66268 | Zot:4    | Noticed Tiamat
 66681 | Zot:4    | Noticed an orb of fire
 66690 | Zot:4    | Killed an orb of fire
 67325 | Zot:4    | Killed Tiamat
 67426 | Zot:4    | Got a heavily runed sapphire amulet
 67539 | Zot:4    | Identified the amulet "Jaukao" {Reflect rPois rF++ rN+ Dex-5 SH+3} (You found it on level 4 of the Realm of Zot)
 67742 | Zot:5    | Entered Level 5 of the Realm of Zot
 68936 | Hell     | Entered the Vestibule of Hell
 68936 | Hell     | Noticed Geryon
 68958 | Hell     | Killed Geryon
 69956 | Depths:4 | Voluntarily entered the Abyss.
 70155 | Abyss:1  | Gained mutation: Potions are less effective at restoring your health. [a neqoxec]
 70266 | Abyss:1  | Found a blossoming altar of Fedhas.
 71168 | Abyss:3  | Found a corrupted altar of Lugonu.
 71585 | Abyss:4  | Found a corrupted altar of Lugonu.
 71711 | Depths:4 | Escaped the Abyss
 71890 | Depths:4 | Voluntarily entered the Abyss.
 72109 | Abyss:1  | Found a corrupted altar of Lugonu.
 72932 | Abyss:1  | Found a deep blue altar of Sif Muna.
 73000 | Abyss:1  | Found a deep blue altar of Sif Muna.
 73357 | Depths:4 | Escaped the Abyss
 73617 | Depths:4 | Voluntarily entered the Abyss.
 74541 | Abyss:1  | Found an opulent altar of Gozag.
 74750 | Abyss:1  | Paralysed by accursed screaming for 1 turns
 75050 | Abyss:1  | Found an opulent altar of Gozag.
 75164 | Abyss:1  | Lost mutation: Your body sometimes deteriorates upon taking damage. [potion of mutation]
 75164 | Abyss:1  | Lost mutation: Potions are less effective at restoring your health. [potion of mutation]
 75164 | Abyss:1  | Gained mutation: You possess an exceptional clarity of mind. [potion of mutation]
 75164 | Abyss:1  | Gained mutation: Your natural rate of healing is unusually fast. [potion of mutation]
 75164 | Abyss:1  | Gained mutation: Your mind is acute. (Int +2) [potion of mutation]
 75760 | Abyss:2  | Found an ornate altar of the Wu Jian Council.
 75775 | Abyss:2  | Found an ornate altar of the Wu Jian Council.
 76419 | Abyss:3  | Found a blossoming altar of Fedhas.
 76694 | Abyss:3  | Lost mutation: You possess an exceptional clarity of mind. [a neqoxec]
 76751 | Abyss:3  | Lost mutation: Your mind is acute. (Int +2) [a neqoxec]
 76818 | Abyss:3  | Noticed an ancient lich
 76829 | Abyss:3  | Killed an ancient lich
 76857 | Abyss:3  | Paralysed by accursed screaming for 1 turns
 76957 | Abyss:3  | Gained mutation: Your magical capacity is low. (-10% MP) [a neqoxec]
 77116 | Abyss:4  | Found a corrupted altar of Lugonu.
 77188 | Abyss:4  | Found a corrupted altar of Lugonu.
 77308 | Abyss:5  | Entered Level 5 of the Abyss
 77552 | Abyss:5  | Got an abyssal rune of Zot
 77585 | Depths:4 | Escaped the Abyss
 77988 | Hell     | Found a gateway to the freezing wastes of Cocytus.
 78000 | Coc:1    | Entered Level 1 of Cocytus
 79021 | Coc:7    | Entered Level 7 of Cocytus
 79082 | Coc:7    | Noticed the Serpent of Hell
 79118 | Coc:7    | Killed the Serpent of Hell
 79554 | Coc:7    | Identified Dajexy's Catalogue of Evil Boosts
 79902 | Coc:7    | Noticed Antaeus
 79929 | Coc:7    | Killed Antaeus
 79950 | Coc:7    | Got a scorched glass ring
 79954 | Coc:7    | Got an icy rune of Zot
 79967 | Coc:7    | Got a transparent quarterstaff
 80081 | Depths:4 | Identified the ring of Lontij {-Tele rC+ Str+9 Stlth+} (You found it on level 7 of Cocytus)
 80082 | Depths:4 | Identified the +1 quarterstaff "Beastbane" {holy, Str+8} (You found it on level 7 of Cocytus)
 80105 | Hell     | Found a gateway to the ashen valley of Gehenna.
 80174 | Geh:1    | Entered Level 1 of Gehenna
 80574 | Geh:7    | Entered Level 7 of Gehenna
 81345 | Geh:7    | HP: 14/282 [hellion/damnation (25)]
 81691 | Geh:7    | Reached skill level 1 in Spellcasting
 81706 | Geh:7    | Got a steaming glass ring
 81726 | Geh:7    | Noticed Asmodeus
 82058 | Geh:7    | Killed Asmodeus
 82060 | Geh:7    | Got a brightly glowing jade ring
 82064 | Geh:7    | Got an obsidian rune of Zot
 82137 | Geh:7    | Found the +8 longbow "Zephyr" {speed, Dex+3 SInv}
 82145 | Geh:7    | Identified the ring "Agaesac" {-Tele MR+ EV+2 Str+8} (You took it off a balrug on level 7 of Gehenna)
 82146 | Geh:7    | Identified the ring "Vetiso" {Int+2 Dex+2 Stlth-} (You took it off Asmodeus on level 7 of Gehenna)
 82162 | Geh:7    | Got a fine lapis lazuli ring
 82164 | Geh:7    | Identified the ring of Ewkyaph {*Tele Slay+2} (You took it off a balrug on level 7 of Gehenna)
 82375 | Hell     | Found a gateway to the decaying netherworld of Tartarus.
 82415 | Tar:1    | Entered Level 1 of Tartarus
 83533 | Tar:7    | Entered Level 7 of Tartarus
 83951 | Tar:7    | Got an encrusted long sword {slice}
 83970 | Tar:7    | Got a crude wooden ring
 84351 | Tar:7    | Noticed Ereshkigal
 84371 | Tar:7    | Killed Ereshkigal
 84396 | Tar:7    | Identified the ring "Picuajue" {rC+ rN+} (You took it off a skeletal warrior on level 7 of Tartarus)
 84399 | Tar:7    | Got a bone rune of Zot
 84404 | Tar:7    | Got a wavering marble ring
 84405 | Tar:7    | Identified the ring "Onwogithe" {Int+6 SInv} (You found it on level 7 of Tartarus)
 84450 | Tar:7    | Reached skill level 5 in Spellcasting
 84811 | Tar:7    | Got a crude rapier
 84812 | Tar:7    | Identified Sif Muna's Papyrus of the Oath
 85150 | Tar:7    | Got a jewelled buckler
 85684 | Hell     | Found a gateway to the Iron City of Dis.
 85732 | Dis:1    | Entered Level 1 of the Iron City of Dis
 86036 | Dis:4    | Found a huge runed gate.
 86036 | Dis:4    | Found a huge runed gate.
 86036 | Dis:4    | Found a huge runed gate.
 86036 | Dis:4    | Found a huge runed gate.
 86036 | Dis:4    | Found a huge runed gate.
 86036 | Dis:4    | Found a huge runed gate.
 86036 | Dis:4    | Found a huge runed gate.
 86037 | Dis:4    | Found a huge runed gate.
 86038 | Dis:4    | Found a huge runed gate.
 86039 | Dis:4    | Found a huge runed gate.
 87624 | Dis:6    | Reached skill level 27 in Unarmed Combat
 87754 | Dis:7    | Entered Level 7 of the Iron City of Dis
 88296 | Dis:7    | Identified the +2 buckler of a bailey {rC- Dex+8} (You found it on level 7 of Tartarus)
 88552 | Dis:7    | Identified the +11 long sword of Success {slice, *Noise +Inv rC- Dex+6} (You took it off a skeletal warrior on level 7 of Tartarus)
 88553 | Dis:7    | Identified the +8 rapier "Loazuok" {venom, *Noise rPois rC+ Int+4} (You found it on level 7 of Tartarus)
 89226 | Dis:7    | Noticed Dispater
 89240 | Dis:7    | Killed Dispater
 89248 | Dis:7    | Got a steaming marble ring
 89249 | Dis:7    | Identified the ring of the Crushed Queens {+Blink rF++ Dex+3 Stlth-} (You found it on level 7 of the Iron City of Dis)
 89254 | Dis:7    | Got an iron rune of Zot
 89295 | Dis:7    | Got a shimmering plate armour
 89296 | Dis:7    | Identified the +0 plate armour "Weimepn" {+Fly rPois Regen+ Dex+4} (You found it on level 7 of the Iron City of Dis)
 90013 | Crypt:1  | Entered Level 1 of the Crypt
 90180 | Crypt:1  | Noticed Sojobo
 90193 | Crypt:1  | Killed Sojobo
 90193 | Crypt:1  | Reached skill level 1 in Transmutations
 90193 | Crypt:1  | Reached skill level 1 in Earth Magic
 90194 | Crypt:1  | Reached skill level 1 in Translocations
 90813 | Crypt:2  | Found the +2 mace of Variability {chaos}
 90816 | Crypt:2  | Noticed Deemzul's ghost (legendary DsFi)
 90824 | Crypt:2  | Found a runed gate.
 90824 | Crypt:2  | Found a runed gate.
 90827 | Crypt:2  | Found a runed gate.
 90913 | Crypt:2  | Killed Deemzul's ghost
 91413 | Crypt:3  | Entered Level 3 of the Crypt
 91493 | Crypt:3  | Reached skill level 5 in Invocations
 91634 | Crypt:3  | Found a basalt altar of Yredelemnul.
 92000 | Crypt:3  | Found a staircase to the Tomb.
 92000 | Crypt:3  | Noticed Jory
 92027 | Crypt:3  | Killed Jory
 92188 | Crypt:3  | Got a sparkling zirconium amulet
 92188 | Crypt:3  | Got a brightly glowing lead ring
 92190 | Crypt:3  | Identified the amulet "Riasinan" {rN+ Regen+} (You found it on level 3 of the Crypt)
 92191 | Crypt:3  | Identified the ring "Urunank" {*Drain +Fly rN+ MP+9 Int-3} (You found it on level 3 of the Crypt)
 92197 | Crypt:3  | Got a scorched tin ring
 92198 | Crypt:3  | Identified the ring of Syqaozxi {rElec rPois rC+ rN+ SInv} (You found it on level 3 of the Crypt)
 92785 | D:15     | Killed Jabuqex's ghost
 93503 | Pan      | Entered Pandemonium
 93663 | Pan      | Noticed Jaituceg the pandemonium lord
 93670 | Pan      | Killed Jaituceg the pandemonium lord
 93677 | Pan      | Got a flickering lapis lazuli ring
 93679 | Pan      | Identified the ring "Kah Cori" {rN+ Str+2 Int+2} (You found it in Pandemonium)
 93921 | Pan      | Got a sparkling copper ring
 93928 | Pan      | Identified the cursed ring "Kyot" {rF+ rN++ Str-2 Int-4 Slay-3} (You took it off a warmonger in Pandemonium)
 94513 | Pan      | Entered the realm of Gloorx Vloq.
 94795 | Pan      | Found an exit through the horrors of the Abyss.
 94879 | Pan      | Noticed Gloorx Vloq
 94889 | Pan      | Killed Gloorx Vloq
 94907 | Pan      | Got a dark rune of Zot
 94913 | Pan      | Reached skill level 5 in Earth Magic
 94922 | Pan      | Reached skill level 5 in Transmutations
 95243 | Pan      | Noticed Waklenta the pandemonium lord
 95244 | Pan      | Reached skill level 5 in Translocations
 95276 | Pan      | Killed Waklenta the pandemonium lord
 95957 | Pan      | Reached skill level 10 in Spellcasting
 96997 | Pan      | Found an exit through the horrors of the Abyss.
 97260 | Pan      | Got a demonic rune of Zot
 97631 | Pan      | Noticed Liekogue the pandemonium lord
 97649 | Pan      | Killed Liekogue the pandemonium lord
 98282 | Pan      | Found an exit through the horrors of the Abyss.
 98588 | Pan      | Noticed Numeefro the pandemonium lord
 98601 | Pan      | Killed Numeefro the pandemonium lord
 98601 | Pan      | Reached skill level 10 in Invocations
 98953 | Pan      | Found an exit through the horrors of the Abyss.
 99115 | Pan      | Noticed Jutuxuapn the pandemonium lord
 99127 | Pan      | Killed Jutuxuapn the pandemonium lord
100137 | Pan      | Gained mutation: Scrolls take you a little longer to read. [a cacodemon]
100397 | Pan      | Noticed Afukoal the pandemonium lord
100415 | Pan      | Killed Afukoal the pandemonium lord
101922 | Pan      | Got a smoking hat
101925 | Pan      | Identified the +3 hat of Tulips {rElec rC+ MR- Dex+2} (You acquired it in Pandemonium)
102030 | Pan      | Entered the realm of Mnoleg.
102030 | Pan      | Noticed Mnoleg
102043 | Pan      | Got a glowing rune of Zot
102134 | Pan      | Killed Mnoleg
102147 | Pan      | Gained mutation: Your flesh is cold resistant. (rC+) [a neqoxec]
102150 | Pan      | Paralysed by a floating eye for 3 turns
102159 | Pan      | Paralysed by a floating eye for 2 turns
102290 | Pan      | Gained mutation: You are weak. (Str -2) [a neqoxec]
102293 | Pan      | Gained mutation: Your magical capacity is very low. (-20% MP) [a neqoxec]
102350 | Pan      | Paralysed by a floating eye for 4 turns
102410 | Pan      | Gained mutation: Your spells are a little easier to cast, but a little less powerful. [a cacodemon]
102426 | Pan      | Gained mutation: Your mind is acute. (Int +2) [a neqoxec]
102491 | Pan      | Gained mutation: You passively map a small area around you. [a neqoxec]
102661 | Pan      | Found an exit through the horrors of the Abyss.
102767 | Pan      | Gained mutation: Your spells are easier to cast, but less powerful. [a cacodemon]
102815 | Pan      | Gained mutation: You are clumsy. (Dex -2) [a cacodemon]
103047 | Pan      | Identified Sif Muna's Almanac of the Mountains and Orientation
103095 | Pan      | Gained mutation: You are very weak. (Str -4) [a neqoxec]
103255 | Pan      | Lost mutation: You are clumsy. (Dex -2) [potion of mutation]
103255 | Pan      | Lost mutation: Your mind is acute. (Int +2) [potion of mutation]
103255 | Pan      | Lost mutation: You are very weak. (Str -4) [potion of mutation]
103255 | Pan      | Lost mutation: Your spells are easier to cast, but less powerful. [potion of mutation]
103255 | Pan      | Lost mutation: Your magical capacity is very low. (-20% MP) [potion of mutation]
103557 | Pan      | Noticed Tiroskee the pandemonium lord
103594 | Pan      | Killed Tiroskee the pandemonium lord
103856 | Pan      | Reached skill level 27 in Fighting
104030 | Pan      | Gained mutation: You possess an exceptional clarity of mind. [a neqoxec]
104115 | Pan      | Noticed Cighey the pandemonium lord
104128 | Pan      | Killed Cighey the pandemonium lord
104542 | Pan      | Noticed Zawnobb the pandemonium lord
104948 | Pan      | Killed Zawnobb the pandemonium lord
105178 | Pan      | Found an exit through the horrors of the Abyss.
105238 | Pan      | Reached skill level 27 in Armour
105289 | Pan      | Gained mutation: Your magical capacity is very low. (-20% MP) [a neqoxec]
105542 | Pan      | Noticed Ywku the pandemonium lord
105553 | Pan      | Killed Ywku the pandemonium lord
105746 | Pan      | Entered the realm of Cerebov.
106340 | Pan      | Got a smoking broad axe {elec}
106343 | Pan      | Identified the +6 broad axe "Onnait" {elec, Dex+4} (You took it off an efreet in Pandemonium)
106585 | Pan      | Identified Sif Muna's Papyrus of Feathers
106615 | Pan      | Identified the Volume of Earthen Enchantment
106674 | Pan      | Got a bound turquoise ring
106677 | Pan      | Identified the ring "Xerolys" {MP+9 Dex+6} (You found it in Pandemonium)
106698 | Pan      | Noticed Cerebov
106738 | Pan      | Killed Cerebov
106749 | Pan      | Got a fiery rune of Zot
106907 | Pan      | Entered the realm of Lom Lobon.
107114 | Pan      | Found an exit through the horrors of the Abyss.
107355 | Pan      | Reached skill level 10 in Earth Magic
107375 | Pan      | Reached skill level 10 in Transmutations
107389 | Pan      | Noticed Lom Lobon
107416 | Pan      | Killed Lom Lobon
107445 | Pan      | Got a magical rune of Zot
107475 | Pan      | Reached skill level 10 in Translocations
107937 | Pan      | Took an exit into the Abyss.
107937 | Abyss:1  | Escaped into the Abyss
108022 | Abyss:1  | Paralysed by accursed screaming for 1 turns
108028 | Abyss:1  | Paralysed by accursed screaming for 1 turns
108071 | Depths:3 | Escaped the Abyss
108261 | Depths:1 | Bought a potion of curing for 129 gold pieces
108460 | Vaults:2 | Bought a potion of heal wounds for 90 gold pieces
108460 | Vaults:2 | Bought a potion of curing for 54 gold pieces
108460 | Vaults:2 | Bought a potion of haste for 180 gold pieces
108460 | Vaults:2 | Bought a potion of curing for 54 gold pieces
108460 | Vaults:2 | Bought a potion of heal wounds for 90 gold pieces
108460 | Vaults:2 | Bought a potion of curing for 54 gold pieces
108460 | Vaults:2 | Bought a potion of might for 72 gold pieces
108524 | Vaults:2 | Bought 2 potions of curing for 108 gold pieces
108591 | Vaults:2 | Bought a scroll of summoning for 161 gold pieces
108591 | Vaults:2 | Bought a scroll of summoning for 161 gold pieces
109167 | Tomb:1   | Entered Level 1 of the Tomb of the Ancients
110187 | Tomb:1   | Noticed a greater mummy
110194 | Tomb:1   | Killed a greater mummy
110204 | Tomb:1   | Noticed a greater mummy
110216 | Tomb:1   | Killed a greater mummy
110268 | Tomb:1   | Noticed a greater mummy
110279 | Tomb:1   | Killed a greater mummy
111158 | Tomb:1   | Lost mutation: Scrolls take you a little longer to read. [potion of mutation]
111158 | Tomb:1   | Lost mutation: You possess an exceptional clarity of mind. [potion of mutation]
111158 | Tomb:1   | Lost mutation: Your magical capacity is very low. (-20% MP) [potion of mutation]
111158 | Tomb:1   | Lost mutation: Your magical capacity is low. (-10% MP) [potion of mutation]
111158 | Tomb:1   | Gained mutation: Your system is resistant to poisons. (rPois) [potion of mutation]
111158 | Tomb:1   | Lost mutation: Your spells are a little easier to cast, but a little less powerful. [potion of mutation]
111158 | Tomb:1   | Gained mutation: You have large cloven feet. [potion of mutation]
111192 | Tomb:2   | Noticed a greater mummy
111192 | Tomb:2   | Noticed Boris
111192 | Tomb:2   | Noticed a greater mummy
111193 | Tomb:2   | Noticed a greater mummy
111206 | Tomb:2   | Killed a greater mummy
111220 | Tomb:2   | Noticed a greater mummy
111221 | Tomb:2   | Killed Boris
111227 | Tomb:2   | Killed a greater mummy
111250 | Tomb:2   | Killed a greater mummy
111256 | Tomb:2   | Killed a greater mummy
111747 | Tomb:1   | Noticed a greater mummy
111748 | Tomb:1   | Noticed a greater mummy
111749 | Tomb:1   | Noticed a greater mummy
111751 | Tomb:1   | Noticed a greater mummy
111754 | Tomb:1   | Noticed a greater mummy
111764 | Tomb:1   | Killed a greater mummy
111771 | Tomb:1   | Killed a greater mummy
111784 | Tomb:1   | Killed a greater mummy
111785 | Tomb:1   | Reached skill level 15 in Invocations
111791 | Tomb:1   | Killed a greater mummy
111800 | Tomb:1   | Killed a greater mummy
112049 | Tomb:1   | Noticed a greater mummy
112049 | Tomb:1   | Noticed a greater mummy
112061 | Tomb:1   | Killed a greater mummy
112068 | Tomb:1   | Killed a greater mummy
112079 | Tomb:1   | Noticed a greater mummy
112088 | Tomb:1   | Killed a greater mummy
112257 | Tomb:1   | Noticed a greater mummy
112266 | Tomb:1   | Killed a greater mummy
112437 | Tomb:1   | Noticed a greater mummy
112510 | Tomb:1   | Killed a greater mummy
112570 | Tomb:1   | Noticed a greater mummy
112600 | Tomb:1   | Noticed a greater mummy
112603 | Tomb:1   | Killed a greater mummy
112606 | Tomb:1   | Killed a greater mummy
112878 | Tomb:1   | Noticed a greater mummy
112891 | Tomb:1   | Killed a greater mummy
112913 | Tomb:1   | Noticed a greater mummy
112926 | Tomb:1   | Killed a greater mummy
113074 | Tomb:1   | Noticed a greater mummy
113081 | Tomb:1   | Noticed a greater mummy
113083 | Tomb:1   | Killed a greater mummy
113087 | Tomb:1   | Noticed a greater mummy
113093 | Tomb:1   | Killed a greater mummy
113102 | Tomb:1   | Killed a greater mummy
113349 | Tomb:3   | Entered Level 3 of the Tomb of the Ancients
113489 | Tomb:3   | Noticed a greater mummy
113709 | Tomb:3   | Noticed a greater mummy
113719 | Tomb:3   | Killed a greater mummy
113946 | Tomb:3   | Noticed a greater mummy
113957 | Tomb:3   | Noticed a greater mummy
113957 | Tomb:3   | Killed a greater mummy
113965 | Tomb:3   | Noticed a greater mummy
113972 | Tomb:3   | Noticed an ancient lich
114772 | Orc:1    | Bought a scroll of blinking for 75 gold pieces
114772 | Orc:1    | Bought a scroll of teleportation for 30 gold pieces
114772 | Orc:1    | Bought a scroll of teleportation for 30 gold pieces
114772 | Orc:1    | Bought a scroll of teleportation for 30 gold pieces
115062 | Pan      | Entered Pandemonium
115611 | Pan      | Found an exit through the horrors of the Abyss.
115702 | Pan      | Found a huge runed gate.
115928 | Pan      | Noticed Lesmiss the pandemonium lord
115945 | Pan      | Killed Lesmiss the pandemonium lord
116150 | Pan      | Found an exit through the horrors of the Abyss.
116439 | Pan      | Noticed Wagigh the pandemonium lord
116450 | Pan      | Killed Wagigh the pandemonium lord
117304 | Pan      | Found an exit through the horrors of the Abyss.
117391 | Pan      | Found a huge runed gate.
117892 | Pan      | Noticed Nusouj the pandemonium lord
117910 | Pan      | Killed Nusouj the pandemonium lord
118164 | Pan      | Found a huge runed gate.
118368 | Pan      | Found an exit through the horrors of the Abyss.
118814 | Pan      | Noticed Qejenaek the pandemonium lord
118835 | Pan      | Killed Qejenaek the pandemonium lord
118946 | Pan      | Gained mutation: Your magical capacity is low. (-10% MP) [a neqoxec]
119241 | Pan      | Found an exit through the horrors of the Abyss.
119663 | Pan      | Took an exit into the Abyss.
119663 | Abyss:1  | Escaped into the Abyss
119663 | Abyss:1  | Found a corrupted altar of Lugonu.
119755 | Depths:3 | Escaped the Abyss
120378 | Tomb:2   | Killed an ancient lich
120948 | Tomb:3   | Killed a greater mummy
120954 | Tomb:3   | Killed a greater mummy
120955 | Tomb:3   | Killed a greater mummy
120969 | Tomb:3   | Noticed an ancient lich
120973 | Tomb:3   | Noticed a greater mummy
120981 | Tomb:3   | Killed an ancient lich
120986 | Tomb:3   | Killed a greater mummy
121021 | Tomb:3   | Noticed a greater mummy
121028 | Tomb:3   | Killed a greater mummy
121432 | Tomb:3   | Got a heavily runed jade ring
121500 | Tomb:3   | Identified the ring of Hiqifrol {Fire +Fly MR- Str+2 Int+4} (You found it on level 3 of the Tomb of the Ancients)
121580 | Tomb:3   | Identified the Compendium of Creative Clay
121635 | Tomb:3   | Identified a +2 pair of boots of running (You found it on level 3 of the Tomb of the Ancients)
121706 | Tomb:3   | Got a golden rune of Zot
122306 | Zig:1    | Entered Level 1 of a ziggurat
122322 | Zig:2    | Entered Level 2 of a ziggurat
122349 | Zig:3    | Entered Level 3 of a ziggurat
122367 | Zig:3    | Got a warped steel ring
122368 | Zig:3    | Identified the ring "Noqiur" {-Tele rElec rC+ rN+ Str+5} (You found it on level 3 of a ziggurat)
122373 | Zig:3    | Got an encrusted buckler
122377 | Zig:3    | Identified the cursed +0 buckler "Uwiurghuo" {*Corrode rElec rF+ MR+} (You found it on level 3 of a ziggurat)
122384 | Zig:4    | Entered Level 4 of a ziggurat
122403 | Zig:4    | Got a pitted ivory amulet
122404 | Zig:4    | Identified the amulet of Hospitality {+Rage MR- Str+4 Dex+9} (You found it on level 4 of a ziggurat)
122417 | Zig:5    | Entered Level 5 of a ziggurat
122474 | Zig:6    | Entered Level 6 of a ziggurat
122506 | Zig:6    | Gained mutation: You are dopey. (Int -2) [a shining eye]
122528 | Zig:6    | Got a bound tin ring
122529 | Zig:6    | Identified the ring "Peheaw" {EV+2 Int+4 Stlth+} (You found it on level 6 of a ziggurat)
122548 | Zig:7    | Entered Level 7 of a ziggurat
122558 | Zig:7    | Noticed a juggernaut
122565 | Zig:7    | Killed a juggernaut
122598 | Zig:8    | Entered Level 8 of a ziggurat
122610 | Zig:8    | Noticed Fituph the pandemonium lord
122611 | Zig:8    | Noticed Ufeqad the pandemonium lord
122626 | Zig:8    | Killed Ufeqad the pandemonium lord
122632 | Zig:8    | Killed Fituph the pandemonium lord
122654 | Zig:8    | Got a fine pewter ring
122656 | Zig:8    | Identified the ring of Qooshrav {+Fly MR+ Str+3 Dex+3} (You found it on level 8 of a ziggurat)
122678 | Zig:9    | Entered Level 9 of a ziggurat
122683 | Zig:9    | Noticed a greater mummy
122708 | Zig:9    | Killed a greater mummy
123575 | Zot:5    | Noticed an orb of fire
123597 | Zot:5    | Killed an orb of fire
123604 | Zot:5    | Noticed an orb of fire
123612 | Zot:5    | Gained mutation: You are clumsy. (Dex -2) [an orb of fire]
123624 | Zot:5    | Killed an orb of fire
123637 | Zot:5    | Noticed an ancient lich
123643 | Zot:5    | Noticed an orb of fire
123653 | Zot:5    | Killed an ancient lich
123658 | Zot:5    | Gained mutation: Scrolls take you a little longer to read. [an orb of fire]
123664 | Zot:5    | Killed an orb of fire
123745 | Zot:5    | Noticed an orb of fire
123765 | Zot:5    | Gained mutation: Your body sometimes deteriorates upon taking damage. [an orb of fire]
123770 | Zot:5    | Killed an orb of fire
123875 | Zot:5    | Reached skill level 15 in Spellcasting
123993 | Zot:5    | Got the Orb of Zot
124045 | Zot:5    | Noticed an ancient lich
124053 | Zot:5    | Killed an ancient lich
124106 | Zot:4    | Noticed Metyitib the pandemonium lord
124123 | Zot:4    | Killed Metyitib the pandemonium lord
124745 | D:3      | Noticed Ruymib the pandemonium lord
124757 | D:3      | Killed Ruymib the pandemonium lord
124813 | D:$      | Escaped with the Orb!

Vault maps used:
D:1:      giann_horns, hangedman_decor_points, minmay_strange_pillars
D:2:      kennysheep_the_goblin_king, cheibriados_altar_1, bloody_trog,
          first_ration, uniq_crazy_yiuf_cottage, uniq_robin
D:3:      nicolae_ashenzari_panopticon
D:4:      old_standard_altar, uniq_ijyb
D:5:      nicolae_ru_sacrificial_ziggurat, uniq_eustachio, uniq_duvessa,
          uniq_sigmund, uniq_edmund
D:6:      nicolae_overflow_hidden_temple, gup_sewer_entry_bubbles,
          nicolae_ossuary_entry_giza, uniq_grinder
D:7:      marbit_many_paths, minmay_temple_entry_statues_pillars, serial_curves,
          eino_curves_01, eino_curves_02, uniq_pikel
D:8:      lemuel_doored_altar, grunt_temple_overflow_open,
          chequers_ossuary_entry_cave, david_nohive_1
D:9:      erik_lair_dragon, nicolae_tso_besieged_by_evil
D:11:     enter_trove_2
D:12:     david_orc_4, serial_shops, nicolae_shop_trees, shop
D:13:     nicolae_two_hexagons, grunt_ministairs_3, uniq_frances
D:14:     lightli_vaults_fourway_checkpoint, kennysheep_boxes
D:15:     gammafunk_enter_depths_forms, serial_shops, shop,
          minmay_misc_feat_square, gammafunk_ghost_arena, elves_outpost_lemuel
Temple:   minmay_temple_curvy_loop
Lair:1:   uniq_grum, uniq_fannar
Lair:2:   nicolae_spider_entry_tight_spaces, gammafunk_ghost_ooze,
          lemuel_fruit_fields
Lair:3:   minmay_shoals_entry_beasts, uniq_gastronok
Lair:4:   uniq_harold
Lair:5:   dpeg_slime_entry_corner
Lair:6:   grunt_lair_end_beastmaster, nicolae_volcano_entry_hallway
Shoals:1: uniq_aizul
Shoals:3: abandoned_shop, lemuel_centaur_altar
Shoals:4: shoals_end_grunt_ice, shoals_ilsuiw_alternative
Spider:1: uniq_azrael
Spider:3: hangedman_stitches_earthworm
Spider:4: floodkiller_spider_rune_tomb, nicolae_arachne_temple
Slime:1:  cheibrodos_slime_lost_civilization_6
Orc:1:    serial_shops, shop, lightli_church_of_beogh
Orc:2:    grunt_orc_community_town_hall, grunt_orc_community_big_house_2,
          grunt_orc_community_big_house_1, grunt_orc_community_house_3,
          grunt_orc_community_house_2, grunt_orc_community_house_1,
          grunt_orc_community_house_3, grunt_orc_community_house_3,
          serial_shops, shop_coins, guppyfry_library_mini
Elf:1:    elf_arrival_001, serial_shops, nicolae_shop_crystal,
          minmay_elf_crystal_hexagon, st_stairs_12, grunt_megastairs_3
Elf:2:    serial_shops, shop, moated_statue
Elf:3:    minmay_elf_hall_quartered_circle, uniq_donald
Vaults:1: vaults_room_grunt_arrival_ludios, vaults_mumra_minichess_inversion,
          nicolae_vaults_holding_cells, nicolae_vaults_little_ls,
          vaults_dpeg_doors, nicolae_vaults_ninety_degrees,
          vaults_dpeg_encased_lava, vaults_room_grunt_arrival_checkpoint,
          vaults_room_pools, uniq_asterion
Vaults:2: ontoclasm_vaults_misaligned, vaults_room_semicircle,
          minmay_crypt_entry_simple_sparse, nicolae_vaults_little_squares_4,
          v_misc_18, hangedman_vaults_trim, nicolae_vaults_murderbox, v_rooms_4,
          v_misc_18, ontoclasm_vaults_decontamination, vaults_room_hallway,
          ontoclasm_vaults_gateway, serial_shops,
          nicolae_shop_competitors_out_of_business, shop, nicolae_shop_crystal
Vaults:3: nicolae_vaults_network_star, serial_ice_h, ontoclasm_vaults_eye,
          vaults_mumra_bighexcomb, v_misc_2, v_pattern_5, v_misc_30,
          vaults_mumra_chevron_long, vaults_standard_mumra_x, vaults_dpeg_cross,
          hangedman_vaults_impose, nicolae_vaults_little_squares_4,
          serial_shops, shop, uniq_mara, uniq_frederick, uniq_mennas
Vaults:4: nicolae_vaults_shelves_hall, st_octagons_2, hangedman_vaults_unwind,
          v_misc_4, nicolae_vaults_rhombus_5, nicolae_vaults_twisting_passages,
          v_misc_33, nicolae_vaults_little_squares_2,
          nicolae_vaults_border_crossing, ontoclasm_vaults_loading_screen,
          serial_shops, shop
Crypt:1:  uniq_sojobo
Crypt:2:  gammafunk_ghost_split
Crypt:3:  grunt_crypt_end_deaths_head
Tomb:2:   uniq_boris
Depths:1: nrook_mini_vaults, hell_entry, hangedman_decor_growths, st_stairs_5,
          kennysheep_generic_room_13, minmay_shop_star, serial_bayou_shore_b,
          serial_bayou_shore_b
Depths:2: hourglass_vault, kennysheep_nub, hangedman_geh_valley,
          infiniplex_staircase_star, serial_bayou_shore_b, minmay_shop_grove
Depths:3: grunt_runaround, hell_entry, pan_entry
Depths:4: minmay_the_grid_triangle_9x9_recursive_3_mashed, enter_ziggurat_a,
          serial_shops, shop, roderic_roman_lattice, abyss_entry,
          hangedman_coc_ice_floe, lemuel_nasty_fountain, uniq_margery
Depths:5: grunt_zot_entry_hairpin, pf_hell_entry_tar_spiral,
          minmay_misc_feat_more_columns, spider_trap, minmay_variable_closet
Dis:4:    door_vault
Dis:6:    hangedman_dis_monolith
Dis:7:    dis_st
Geh:1:    hangedman_gehenna_grave_pits
Geh:7:    geh_grunt_pentagon
Coc:7:    coc_hangedman
Tar:1:    door_vault
Tar:3:    nicolae_tar_cuneiform_not
Tar:7:    tar_minmay_river
Zot:1:    grunt_megastairs_2
Zot:2:    gammafunk_ghost_split
Zot:3:    grunt_megastairs_1
Zot:4:    stair_cage_cross, st_grand_hoard_of_tiamat
Zot:5:    bh_zot_lava_cross
Abyss:1:  bh_abyss_exit_spiral, minivault_5
Abyss:2:  evilmike_abyss_exit_7, hangedman_abyss_or_decor_passed,
          evilmike_abyss_exit_10, hangedman_abyss_or_decor_lesser_grid,
          abyss_exit_lava
Abyss:3:  hangedman_abyss_exit_choices, hangedman_abyss_or_decor_clamps,
          minivault_25
Abyss:4:  evilmike_abyss_rune_siren_acolytes
Abyss:5:  minivault_23, bh_silent_lugonu_exit, abyss_furniture_001,
          nicolae_abyss_rune_left_handed, bh_abyss_exit_spiral
Pan:      evilmike_mini_pan_branches, gloorx_vloq, grunt_pan_sceptre,
          nicolae_pan_strange_glyphs, evilmike_mini_pan_pillars,
          pan_blood_fountain_small, grunt_pan_in_and_out,
          pan_blood_fountain_small, evilmike_mini_pan_corner,
          pan_blood_fountain_2, pan_blood_fountain, pan_disco_hall,
          nicolae_pan_sick_transit, rand_demon_2, nicolae_pan_sigil_eeng,
          lemuel_hall_of_pain, mnoleg_grunt_wretched_star,
          nicolae_pan_mnolegish_5, grunt_pan_frozen_over, pan_blood_fountain,
          rand_demon_6, nicolae_pan_cerebovesque_2, lemuel_hellion_island,
          pan_blood_fountain_small, nicolae_pan_sigil_itan, rand_demon_4,
          evilmike_cerebov_lava, nicolae_pan_gloorx_vloqian_1,
          lom_lobon_grunt_wind_tunnels, pan_blood_fountain,
          nicolae_pan_giant_door, evilmike_mini_pan_thingy,
          nicolae_pan_giant_door, pan_blood_fountain_small,
          nicolae_pan_giant_door, evilmike_mini_pan_possible_glass
Zig:5:    ziggurat_pillar_centre_c
Trove:    trove_library
Sewer:    sewer_kobolds
Ossuary:  ossuary_tomb_1
Volcano:  kennysheep_volcano_temple

Skill      XL: |  1  2  3  4  5  6  7  8  9 10 11 12 13 14 15 16 17 18 19 20 21 22 23 24 25 26 27 |
---------------+----------------------------------------------------------------------------------+-----
Unarmed Combat | 2 3 4 5 6 7 8 9 10 11 12 13 15 16 17 18 19 20 21 22 27 | 27.0
Shields        | 3 4 5 6 7 8 9 10 11 12 13 14 15 16 23 | 23.6
Armour         | 3 4 5 6 7 8 9 10 11 12 13 14 15 17 27 | 27.0
Dodging        | 1 2 3 4 5 6 7 8 9 10 11 12 13 14 15 16 23 | 23.4
Evocations     | 2 4 5 6 7 8 9 10 11 12 13 14 15 16 17 25 | 25.0
Fighting       | 4 5 6 7 8 9 10 11 12 13 14 15 16 17 18 19 27 | 27.0
Crossbows      | 2 4 5 7 8 9 10 11 12 13 | 13.1
Stealth        | 2 4 5 |  5.8
Invocations    | 3 18 | 18.0
Spellcasting   | 15 | 15.1
Transmutations | 13 | 13.3
Earth Magic    | 13 | 13.3
Translocations | 13 | 13.2

Action                   |  1- 3 |  4- 6 |  7- 9 | 10-12 | 13-15 | 16-18 | 19-21 | 22-24 | 25-27 || total
-------------------------+-------+-------+-------+-------+-------+-------+-------+-------+-------++-------
Melee: Unarmed           |   154 |   172 |   310 |   773 |   588 |   992 |  1359 |  1352 | 10059 || 15759
 Fire: Hand crossbow     |       |       |       |    10 |    75 |   224 |     8 |       |    37 ||   354
 Cast: Passwall          |       |       |       |       |       |       |       |       |     1 ||     1
Invok: Recall Ancestor   |       |       |       |     4 |     2 |     9 |     6 |    10 |    54 ||    85
       Ancestor Life: Ba |       |       |       |     1 |       |       |       |       |       ||     1
       Idealise          |       |       |       |       |     1 |     2 |     2 |     7 |    45 ||    57
       Transference      |       |       |       |       |       |     1 |       |       |    15 ||    16
Evoke: Wand              |       |     2 |     6 |     8 |     7 |    13 |     9 |     7 |    58 ||   110
       Phial of floods   |       |       |       |       |       |     6 |     5 |     2 |    25 ||    38
       Sack of spiders   |       |       |       |       |       |       |       |     1 |    12 ||    13
       Lamp of fire      |       |       |       |       |       |       |       |       |    31 ||    31
       Horn of Geryon    |       |       |       |       |       |       |       |       |    23 ||    23
       Box of beasts     |       |       |       |       |       |       |       |       |     8 ||     8
  Use: Scroll            |       |       |     8 |     4 |    17 |    13 |    10 |     2 |    88 ||   142
       Potion            |       |       |       |       |     1 |     6 |     3 |     1 |   117 ||   128
 Stab: Confused          |       |       |     1 |       |       |       |       |       |       ||     1
       Sleeping          |       |       |     1 |    19 |    19 |     6 |     3 |     2 |     6 ||    56
       Distracted        |       |       |     1 |     9 |     9 |    22 |    34 |    41 |   166 ||   282
       Petrified         |       |       |       |       |    12 |       |       |       |       ||    12
       Held in net/web   |       |       |       |       |       |       |       |     1 |     1 ||     2
       Invisible         |       |       |       |       |       |       |       |       |     4 ||     4
       Paralysed         |       |       |       |       |       |       |       |       |     1 ||     1
  Eat: Chunk             |     2 |     5 |    10 |    20 |    25 |    32 |    38 |    32 |    57 ||   221
       Ration            |       |       |       |     1 |       |     3 |       |     1 |    51 ||    56
Armor: Scale mail        |    53 |    25 |       |       |     4 |       |       |       |       ||    82
       Troll leather arm |       |    16 |    38 |    70 |    55 |    13 |       |       |       ||   192
       Plate armour      |       |       |       |       |       |    14 |       |       |       ||    14
       Ring mail         |       |       |       |       |       |    77 |   126 |   135 |   140 ||   478
       Gold dragon scale |       |       |       |       |       |       |       |       |  1676 ||  1676
Dodge: Dodged            |    30 |    41 |    58 |   207 |   199 |   481 |   699 |   749 |  2808 ||  5272
Block: Shield            |    83 |   116 |   193 |   522 |   458 |   909 |  1187 |   581 |       ||  4049
       Buckler           |       |       |       |       |       |       |       |   583 |  7474 ||  8057
       Reflection        |       |       |       |       |       |       |       |    86 |   491 ||   577

Table legend:
 A = Spawn XP
 B = Non-spawn XP
 C = Spawn XP percentage of total XP
 D = Spawn monster count
 E = Non-spawn monster count
 F = Spawn count percentage of total count
 G = Total turns spent on level
                    A         B        C        D         E        F      G
               +---------+---------+-------+---------+---------+-------+---------
         Total |  355020 | 4359521 |   7.5 |     609 |    5630 |   9.8 | 124813
               +---------+---------+-------+---------+---------+-------+---------
           D:1 |       0 |      48 |   0.0 |       0 |      19 |   0.0 |   715
           D:2 |       0 |      64 |   0.0 |       0 |      28 |   0.0 |  1114
           D:3 |       0 |      62 |   0.0 |       0 |      11 |   0.0 |   754
           D:4 |       0 |     686 |   0.0 |       0 |      32 |   0.0 |  1288
           D:5 |       0 |     983 |   0.0 |       0 |      33 |   0.0 |   915
           D:6 |       0 |    2432 |   0.0 |       0 |      32 |   0.0 |   828
           D:7 |       0 |    1417 |   0.0 |       0 |      21 |   0.0 |   547
           D:8 |       0 |    3907 |   0.0 |       0 |      53 |   0.0 |  1185
           D:9 |       0 |    3271 |   0.0 |       0 |      44 |   0.0 |  1590
          D:10 |       0 |    1430 |   0.0 |       0 |      22 |   0.0 |  1112
          D:11 |       0 |    7773 |   0.0 |       0 |      43 |   0.0 |  1446
          D:12 |       0 |    4992 |   0.0 |       0 |      42 |   0.0 |  1241
          D:13 |       0 |    8386 |   0.0 |       0 |      45 |   0.0 |  2017
          D:14 |       0 |    9775 |   0.0 |       0 |      31 |   0.0 |  1607
          D:15 |       0 |   33197 |   0.0 |       0 |      61 |   0.0 |  3063
        Lair:1 |       0 |    5382 |   0.0 |       0 |      21 |   0.0 |   848
        Lair:2 |       0 |    6653 |   0.0 |       0 |      29 |   0.0 |  1029
        Lair:3 |       0 |    6654 |   0.0 |       0 |      19 |   0.0 |  1336
        Lair:4 |       0 |    2586 |   0.0 |       0 |       9 |   0.0 |   966
        Lair:5 |       0 |    8601 |   0.0 |       0 |      17 |   0.0 |   937
        Lair:6 |       0 |   16664 |   0.0 |       0 |      42 |   0.0 |   975
      Shoals:1 |       0 |   13552 |   0.0 |       0 |      33 |   0.0 |   612
      Shoals:2 |       0 |   16027 |   0.0 |       0 |      34 |   0.0 |  1060
      Shoals:3 |       0 |   16869 |   0.0 |       0 |      35 |   0.0 |  1952
      Shoals:4 |       0 |   16219 |   0.0 |       0 |      31 |   0.0 |   816
      Spider:1 |       0 |    8262 |   0.0 |       0 |      25 |   0.0 |   560
      Spider:2 |       0 |   13715 |   0.0 |       0 |      37 |   0.0 |   544
      Spider:3 |       0 |   18356 |   0.0 |       0 |      58 |   0.0 |   613
      Spider:4 |       0 |   63776 |   0.0 |       0 |     144 |   0.0 |  1563
       Slime:1 |       0 |    7239 |   0.0 |       0 |      11 |   0.0 |   404
       Slime:2 |       0 |     135 |   0.0 |       0 |       1 |   0.0 |   116
       Slime:3 |       0 |    8119 |   0.0 |       0 |       8 |   0.0 |   174
       Slime:4 |       0 |   13332 |   0.0 |       0 |      11 |   0.0 |   364
       Slime:5 |       0 |   36478 |   0.0 |       0 |      22 |   0.0 |   463
         Orc:1 |       0 |    3570 |   0.0 |       0 |      34 |   0.0 |   903
         Orc:2 |       0 |    9164 |   0.0 |       0 |     113 |   0.0 |  1746
         Elf:1 |       0 |   32807 |   0.0 |       0 |      53 |   0.0 |  1459
         Elf:2 |       0 |   20405 |   0.0 |       0 |      29 |   0.0 |  1091
         Elf:3 |       0 |   55120 |   0.0 |       0 |      51 |   0.0 |  1541
      Vaults:1 |       0 |   49473 |   0.0 |       0 |      61 |   0.0 |  3159
      Vaults:2 |       0 |   52877 |   0.0 |       0 |      92 |   0.0 |  2350
      Vaults:3 |       0 |   93650 |   0.0 |       0 |     114 |   0.0 |  3818
      Vaults:4 |       0 |  149015 |   0.0 |       0 |     163 |   0.0 |  4774
      Vaults:5 |       0 |  147566 |   0.0 |       0 |     103 |   0.0 |  1891
       Crypt:1 |       0 |   26301 |   0.0 |       0 |      37 |   0.0 |   729
       Crypt:2 |       0 |   44652 |   0.0 |       0 |      65 |   0.0 |   823
       Crypt:3 |       0 |   85195 |   0.0 |       0 |     131 |   0.0 |  1419
        Tomb:1 |       0 |  161842 |   0.0 |       0 |      70 |   0.0 |  4254
        Tomb:2 |       0 |   59831 |   0.0 |       0 |      65 |   0.0 |  1605
        Tomb:3 |       0 |  116388 |   0.0 |       0 |     128 |   0.0 |  1142
      Depths:1 |       0 |   50781 |   0.0 |       0 |      72 |   0.0 |  2461
      Depths:2 |       0 |   57835 |   0.0 |       0 |      77 |   0.0 |  1556
      Depths:3 |       0 |  100359 |   0.0 |       0 |     102 |   0.0 |  1942
      Depths:4 |       0 |   92321 |   0.0 |       0 |      76 |   0.0 |  3035
      Depths:5 |       0 |   67188 |   0.0 |       0 |      61 |   0.0 |  1304
          Hell |       0 |   48867 |   0.0 |       0 |      79 |   0.0 |  1578
         Dis:1 |       0 |   35271 |   0.0 |       0 |      74 |   0.0 |   692
         Dis:2 |       0 |   11369 |   0.0 |       0 |      29 |   0.0 |   178
         Dis:3 |       0 |    8020 |   0.0 |       0 |      17 |   0.0 |   142
         Dis:4 |       0 |   11558 |   0.0 |       0 |      22 |   0.0 |   164
         Dis:5 |       0 |   10312 |   0.0 |       0 |      19 |   0.0 |   151
         Dis:6 |       0 |   45302 |   0.0 |       0 |      61 |   0.0 |   463
         Dis:7 |       0 |  139163 |   0.0 |       0 |     136 |   0.0 |  1834
         Geh:1 |       0 |   16512 |   0.0 |       0 |      44 |   0.0 |   157
         Geh:2 |       0 |     885 |   0.0 |       0 |       8 |   0.0 |    42
         Geh:3 |       0 |    1006 |   0.0 |       0 |       8 |   0.0 |    30
         Geh:4 |       0 |   17387 |   0.0 |       0 |      46 |   0.0 |   129
         Geh:5 |       0 |    6021 |   0.0 |       0 |      11 |   0.0 |    65
         Geh:6 |       0 |   23695 |   0.0 |       0 |      47 |   0.0 |   217
         Geh:7 |       0 |   91412 |   0.0 |       0 |     101 |   0.0 |  1232
         Coc:1 |       0 |   20738 |   0.0 |       0 |      44 |   0.0 |   327
         Coc:2 |       0 |   24191 |   0.0 |       0 |      38 |   0.0 |   149
         Coc:3 |       0 |   41642 |   0.0 |       0 |      37 |   0.0 |   133
         Coc:4 |       0 |   28925 |   0.0 |       0 |      48 |   0.0 |   182
         Coc:5 |       0 |    8707 |   0.0 |       0 |      17 |   0.0 |    84
         Coc:6 |       0 |     591 |   0.0 |       0 |       4 |   0.0 |    33
         Coc:7 |       0 |  143290 |   0.0 |       0 |     162 |   0.0 |  1029
         Tar:1 |       0 |   15290 |   0.0 |       0 |      16 |   0.0 |   119
         Tar:2 |       0 |   29605 |   0.0 |       0 |      62 |   0.0 |   717
         Tar:3 |       0 |   13486 |   0.0 |       0 |      12 |   0.0 |    65
         Tar:4 |       0 |    7857 |   0.0 |       0 |      12 |   0.0 |    62
         Tar:5 |       0 |   10144 |   0.0 |       0 |      10 |   0.0 |    66
         Tar:6 |       0 |     855 |   0.0 |       0 |       6 |   0.0 |    87
         Tar:7 |       0 |  169233 |   0.0 |       0 |     166 |   0.0 |  1910
         Zot:1 |       0 |   46337 |   0.0 |       0 |      31 |   0.0 |  1276
         Zot:2 |       0 |   61520 |   0.0 |       0 |      37 |   0.0 |  1237
         Zot:3 |       0 |   60418 |   0.0 |       0 |      31 |   0.0 |  1073
         Zot:4 |       0 |   97817 |   0.0 |       0 |      45 |   0.0 |  1975
         Zot:5 |       0 |  188181 |   0.0 |       0 |      57 |   0.0 |  1066
       Abyss:1 |   68057 |  103720 |  39.6 |     138 |     171 |  44.7 |  4325
       Abyss:2 |   28458 |   37476 |  43.2 |      61 |      79 |  43.6 |  1643
       Abyss:3 |   43287 |   38141 |  53.2 |      82 |      82 |  50.0 |  1300
       Abyss:4 |   16104 |    6669 |  70.7 |      23 |      14 |  62.2 |   318
       Abyss:5 |   16061 |   12163 |  56.9 |      22 |      18 |  55.0 |   277
           Pan |  183053 |  813308 |  18.4 |     283 |     807 |  26.0 | 19035
         Zig:1 |       0 |     590 |   0.0 |       0 |       1 |   0.0 |    16
         Zig:2 |       0 |    3053 |   0.0 |       0 |       2 |   0.0 |    27
         Zig:3 |       0 |    3521 |   0.0 |       0 |       5 |   0.0 |    35
         Zig:4 |       0 |    3825 |   0.0 |       0 |       6 |   0.0 |    33
         Zig:5 |       0 |    4932 |   0.0 |       0 |       8 |   0.0 |    57
         Zig:6 |       0 |    8624 |   0.0 |       0 |       7 |   0.0 |    74
         Zig:7 |       0 |   14481 |   0.0 |       0 |       7 |   0.0 |    50
         Zig:8 |       0 |   21904 |   0.0 |       0 |      10 |   0.0 |    80
         Zig:9 |       0 |   12518 |   0.0 |       0 |      21 |   0.0 |   257
         Sewer |       0 |     112 |   0.0 |       0 |       8 |   0.0 |   137
       Ossuary |       0 |     313 |   0.0 |       0 |      38 |   0.0 |   212
       Volcano |       0 |    5182 |   0.0 |       0 |       8 |   0.0 |   192
               +---------+---------+-------+---------+---------+-------+---------
